 Dungeon Crawl Stone Soup version 0.29.1-1-gd02db6906a (webtiles) character file.

Game seed: 13502227137109015902

418500 sleeves the Eclecticist (level 24, -6/168 HPs)
             Began as a Djinni Ice Elementalist on Oct 1, 2022.
             Was the Champion of Hepliaklqana.
             Mangled by Mennas
             ... wielding a +3 eudemon blade of holy wrath
              (11 damage)
             ... on level 2 of the Depths on Oct 2, 2022.
             The game lasted 02:59:12 (68483 turns).

sleeves the Eclecticist (Djinni Ice Elementalist)  Turns: 68483, Time: 02:59:13

Health: -6/168     AC: 23    Str: 10      XL:     24   Next: 80%
Gold:   2027       EV: 16    Int: 22 (23) God:    Hepliaklqana [******] SH:  6 Dex: 16

rFire   + + .      SeeInvis +   L - +3 broad axe (vamp)
rCold   + . .      Faith    .   Z - +0 buckler of Midsummer {Will++ Int-3}
rNeg    . . .      Spirit   .   e - +7 leather armour of Makhleb's Hope {+Inv rPois Dex-3 Slay+5}
rPois   ∞          Reflect  .   M - +0 mask of the Dragon {Will+ Slay+3 SInv}
rElec   +          Harm     .   g - +2 cloak of the Undertaker {Fly rC+ Dex+2 Stlth+}
rCorr   .          Rampage  .   t - +2 pair of gloves {Str+3}
Will    +++++                   (boots unavailable)
Stlth   +.........              W - amulet of regeneration
HPRegen 1.18/turn               C - ring "Yheyb" {rC+ AC+4 Slay+2}
MPRegen 0.00/turn               o - ring of Ycuih {Fly rElec rPois MP-9 Slay+5}

@: mighty, on berserk cooldown, flying, hasted and slowed, glowing, silenced
A: reduced essence, sickness immunity, fire resistance 2, cold vulnerability 1,
float, innate caster, HP casting, extra vitality 1
}: 2/15 runes: decaying, serpentine
a: Renounce Religion, Evoke Invisibility


You were on level 2 of the Depths.
You worshipped Hepliaklqana.
Hepliaklqana was exalted by your worship.
You visited 8 branches of the dungeon, and saw 40 of its levels.
You visited 1 bazaar.
You also visited: Bailey and Wizlab.

You collected 5453 gold pieces.
You spent 3426 gold pieces at shops.

Inventory:

Hand Weapons
 x - the +11 sling of the Jumping Gods {freeze, rC+ rCorr Dex+4}
   (You found it on level 3 of the Elven Halls)

   Any ammunition fired from it freezes those it strikes, dealing additional
   cold damage.
   It can also slow down cold-blooded creatures.
   Dex:       It affects your dexterity (+4).
   rC:        It protects you from cold.
   rCorr:     It protects you from acid and corrosion.
 I - the +9 long sword "Qator" {vorpal, Int+3}
   (You found it on level 3 of the Snake Pit)

   It inflicts extra damage upon your enemies.
   Int:       It affects your intelligence (+3).
 L - a +3 vampiric broad axe (weapon)
   (You took it off a naga on level 2 of the Snake Pit)
 X - a +1 broad axe of freezing
   (You subdued it on level 2 of the Elven Halls)
Armour
 e - the +7 leather armour of Makhleb's Hope (worn) {+Inv rPois Dex-3 Slay+5}
   (You took it off a salamander on level 4 of the Snake Pit)

   Dex:       It affects your dexterity (-3).
   Slay:      It affects your accuracy & damage with ranged weapons and melee
   (+5).
   rPois:     It protects you from poison.
   +Inv:      It lets you turn invisible.
 g - the +2 cloak of the Undertaker (worn) {Fly rC+ Dex+2 Stlth+}
   (You bought it in a shop on level 4 of the Snake Pit)

   Dex:       It affects your dexterity (+2).
   rC:        It protects you from cold.
   Fly:       It grants you flight.
   Stlth:     It makes you more stealthy.
 l - a +0 kite shield of protection
   (You took it off a tengu warrior on level 15 of the Dungeon)
 t - a +2 pair of gloves of strength (worn)
   (You found it on level 3 of the Elven Halls)
 M - the +0 mask of the Dragon (worn) {Will+ Slay+3 SInv}
   (You bought it in a shop on level 2 of the Orcish Mines)

   Slay:      It affects your accuracy & damage with ranged weapons and melee
   (+3).
   SInv:      It lets you see invisible.
   Will:      It increases your willpower.
 Y - a +0 kite shield
   (You found it on level 3 of the Lair of Beasts)
 Z - the +0 buckler of Midsummer (worn) {Will++ Int-3}
   (You found it on level 5 of the Lair of Beasts)

   Int:       It affects your intelligence (-3).
   Will:      It greatly increases your willpower.
Magical Staves
 a - a staff of cold
   (You found it on level 2 of the Lair of Beasts)
 v - a staff of fire
   (You found it on level 4 of the Dungeon)
Jewellery
 b - a ring of resist corrosion
   (You found it on level 4 of the Snake Pit)
 o - the ring of Ycuih (right hand) {Fly rElec rPois MP-9 Slay+5}
   (You found it on level 3 of the Lair of Beasts)

   [ring of flight]

   Slay:      It affects your accuracy & damage with ranged weapons and melee
   (+5).
   rElec:     It insulates you from electricity.
   rPois:     It protects you from poison.
   MP:        It affects your magic capacity (-9).
   Fly:       It grants you flight.
 B - a ring of protection from fire
   (You found it on level 15 of the Dungeon)
 C - the ring "Yheyb" (left hand) {rC+ AC+4 Slay+2}
   (You bought it in a shop on level 3 of the Elven Halls)

   [ring of protection]

   AC:        It affects your AC (+4).
   Slay:      It affects your accuracy & damage with ranged weapons and melee
   (+2).
   rC:        It protects you from cold.
 H - a ring of positive energy
   (You took it off an orc on level 7 of the Dungeon)
 W - an amulet of regeneration (around neck)
   (You found it on level 2 of the Elven Halls)
Wands
 m - a wand of digging (23)
   (You found it on level 2 of the Lair of Beasts)
 K - a wand of quicksilver (17)
   (You found it on level 7 of the Dungeon)
 P - a wand of roots (6)
   (You found it on level 1 of the Elven Halls)
Scrolls
 d - 10 scrolls of vulnerability
 f - 9 scrolls of butterflies
 j - 9 scrolls of enchant weapon
 k - 7 scrolls of blinking
 n - 13 scrolls of teleportation
 q - 14 scrolls of immolation
 r - a scroll of fear
 s - 4 scrolls of silence
 y - 8 scrolls of magic mapping
 E - 5 scrolls of summoning
 F - 8 scrolls of enchant armour
 G - 6 scrolls of torment
 N - a scroll of brand weapon
 Q - 8 scrolls of poison
Potions
 c - 11 potions of brilliance
 h - 15 potions of curing
 i - 4 potions of resistance
 p - 8 potions of mutation
 u - 11 potions of haste
 A - a potion of cancellation
 D - 8 potions of might
 O - 4 potions of berserk rage
 T - 4 potions of attraction
 U - 10 potions of heal wounds
 V - 2 potions of ambrosia
Miscellaneous
 z - a phantom mirror (inert)
   (You found it on level 3 of the Elven Halls)


   Skills:
 - Level 20.0 Fighting
 + Level 13.9 Axes
 - Level 15.0 Armour
 - Level 10.0 Dodging
 - Level 1.5 Stealth
 - Level 8.5 Shields
 + Level 20.6 Spellcasting
 + Level 14.2 Invocations


You couldn't memorise any spells.
You knew the following spells:

 Your Spells              Type           Power      Damage    Failure   Level
a - Freeze                Ice            100%       1d11      0%          1
b - Frozen Ramparts       Ice            100%       1d16      0%          3
c - Ozocubu's Armour      Ice            85%        N/A       0%          3
d - Hailstorm             Conj/Ice       85%        3d17      0%          4
e - Sting                 Tmut/Pois      100%       1d8       0%          1
f - Call Imp              Summ           85%        N/A       0%          2
g - Teleport Other        Tloc           85%        N/A       0%          3
h - Haunt                 Necr/Summ      42%        N/A       1%          7
i - Iskenderun's Battles  Conj           85%        2d13      1%          5
j - Manifold Assault      Tloc           85%        N/A       1%          5
k - Conjure Ball Lightni  Conj/Air       42%        3x3d15    1%          6
l - Dispersal             Tloc           42%        N/A       1%          6
m - Confusing Touch       Hex            85%        N/A       0%          3
n - Disjunction           Tloc           42%        N/A       4%          8
o - Summon Horrible Thin  Summ           42%        N/A       4%          8
Your spell library was empty.

Dungeon Overview and Level Annotations

Branches:
Dungeon (15/15)            Temple (0/1) D:4            Lair (5/5) D:8
  Swamp (4/4) Lair:3        Snake (4/4) Lair:3        Slime (0/5) Lair:4
    Orc (2/2) D:9             Elf (3/3) Orc:2        Vaults (4/5) D:13
  Crypt (0/3) Vaults:3     Depths (3/4) D:15         Bailey (visited)
 WizLab (visited)

Altars:
Ashenzari
Cheibriados
Fedhas
Gozag
Hepliaklqana
Makhleb
Nemelex Xobeh
Okawaru
Ru
Trog
Uskayaw
Yredelemnul
Zin
The Shining One

Shops:
D:3 (   D:5 (=   D:6 ?   D:11 [   D:14 *   Orc:1 *   Orc:2 *[*(   Elf:2 *
Elf:3 ==:   Snake:1 =*   Snake:2 ![   Snake:4 [   Vaults:1 (   Depths:3 ?

Portals:
Hell: Lair:5 Depths:1 Depths:2
Abyss: Depths:1
Pandemonium: Depths:2
Ziggurat: Depths:1

Annotations:
D:2 1 runed translucent door, Crazy Yiuf
D:3 2 transporters, Arctor's ghost, amateur DsFi
Snake:2 Roxanne
Orc:1 Persephone's ghost, journeyman TrBe
Vaults:4 3 runed translucent doors, Wueresid's ghost, adept DEHW
Depths:2 Mennas
Depths:3 Vv


Innate Abilities, Weirdness & Mutations

Your life essence is reduced to manifest your ancestor. (-10% HP)
You are immune to sickness and miasma.
You are immune to poison.
Your flesh is very heat resistant. (rF++)
You are vulnerable to cold. (rC-)
You float through the air rather than walking.
You learn spells naturally, not from books.
Your magical power is your life essence.
You have superior vitality. (+4 MHP)


Message History

Your wraith disappears in a puff of smoke!
Your wraith disappears in a puff of smoke! x2
Ancestor HP restored.
You now have 1966 gold pieces (gained 40).
Things that are here:
a +3 battleaxe of draining; a +0 ring mail; a tengu corpse You now have 1974 gold pieces (gained 8).
You swap places.
Things that are here:
a +3 battleaxe of draining; a +0 ring mail; a tengu corpse
Found 4 stones.
You see here 2 potions of flight.
Numeria is no longer moving quickly.
Things that are here:
a +3 vorpal flail; a +0 robe; a +0 buckler You see here a +0 battleaxe.
m - a wand of digging (23) (gained 4 charges)
You see here +0 storm dragon scales.
Found a scroll of identify.
You see here a staff of poison.
U - 12 potions of heal wounds (gained 1)
You now have 2001 gold pieces (gained 27).
A fire dragon comes into view.
Found a scroll of identify.
Found an escape hatch in the ceiling.
Found a stone staircase leading up.
You see here 3 scrolls of immolation.
A fire dragon is nearby!
A fire dragon is nearby!
A fire dragon is nearby!
q - 14 scrolls of immolation (gained 3)
The fire dragon roars deafeningly!
You hear a deafening roar!
Casting: Haunt (mildly dangerous; 1% risk of failure)
Confirm with . or Enter, or press ? or * to list all spells.
Aiming: Haunt (mildly dangerous; 1% risk of failure)
Press: ? - help, Dir - move target, f - fire dragon
Aim: a fire dragon Insubstantial figures form in the air.
Your phantasmal warrior hits the fire dragon!
The fire dragon bites your phantasmal warrior.
The fire dragon closely misses your phantasmal warrior.
The fire dragon tramples your phantasmal warrior but does no damage.
The fire dragon barely misses your phantasmal warrior.
The fire dragon misses your phantasmal warrior.
The fire dragon tramples your phantasmal warrior but does no damage.
Your phantasmal warrior hits the fire dragon!
Your wraith hits the fire dragon.
Your phantasmal warrior hits the fire dragon!!
Your phantasmal warrior hits the fire dragon!
The fire dragon bites your phantasmal warrior!
The fire dragon claws your phantasmal warrior.
The fire dragon barely misses your phantasmal warrior.
Your phantasmal warrior barely misses the fire dragon.
Your wraith hits the fire dragon.
Your wraith drains the fire dragon's vigour!
The fire dragon seems to slow down.
Your wraith hits the fire dragon.
Numeria mumbles some strange words.
Numeria seems to speed up.
Your phantasmal warrior hits the fire dragon!
The fire dragon's willpower is stripped away!
Your wraith hits the fire dragon.
Your phantasmal warrior barely misses the fire dragon.
Your wraith closely misses the fire dragon.
Casting: Haunt (mildly dangerous; 1% risk of failure)
Confirm with . or Enter, or press ? or * to list all spells.
Your mind aches with revulsion at the sight of the undulating horrors you have wrought.
You feel dopey.
The fire dragon bites your phantasmal warrior but does no damage.
The fire dragon barely misses your phantasmal warrior.
The fire dragon tramples your phantasmal warrior but does no damage.
The iron dragon breathes metal splinters at you.
The spray of metal splinters hits your large abomination!
The spray of metal splinters hits you!
Your wraith hits the fire dragon but does no damage.
Your phantasmal warrior hits the fire dragon!!
The fire dragon dies!
The fire dragon scales are intact enough to wear.
Casting: Summon Horrible Things (dangerous; 4% risk of failure)
Confirm with . or Enter, or press ? or * to list all spells.
Aiming: Haunt (mildly dangerous; 1% risk of failure)
Press: ? - help, Dir - move target, f - iron dragon
Aim: an iron dragon (catching its breath, ally target) Insubstantial figures form in the air.
Your phantasmal warrior disappears in a puff of smoke!
The iron dragon barely misses your wraith.
The iron dragon claws your wraith. The iron dragon tramples your wraith.
Your wraith holds its ground!
Your wraith hits the iron dragon but does no damage.
Your large abomination hits the iron dragon!!
Your phantasmal warrior gestures at the iron dragon.
Your phantasmal warrior blinks!
Something misses Numeria.
Something claws Numeria but does no damage. x2
Your wraith closely misses the iron dragon.
Your wraith hits the iron dragon but does no damage.
Your wraith disappears in a puff of smoke!
Your large abomination hits the iron dragon!
Your large abomination hits the iron dragon.
Something bites Numeria!
Something claws Numeria!
Something barely misses Numeria.
The iron dragon breathes metal splinters at you.
The spray of metal splinters hits Numeria!!
The spray of metal splinters hits your large abomination!!
The spray of metal splinters hits you!
Your large abomination hits the iron dragon but does no damage.
Something bites your large abomination but does no damage.
Something claws your large abomination.
Something claws your large abomination but does no damage.
Your wraith hits the iron dragon but does no damage.
Your wraith disappears in a puff of smoke!
Your phantasmal warrior disappears in a puff of smoke!
Numeria hits the iron dragon with a +0 lajatang of freezing!!
Numeria freezes the iron dragon.
Your large abomination hits the iron dragon!!
The iron dragon bites your large abomination!!
The iron dragon claws your large abomination!
The iron dragon barely misses your large abomination.
Your large abomination hits the iron dragon!!
Your large abomination hits the iron dragon!
The iron dragon dies!
Something bites your large abomination but does no damage.
Something claws your large abomination! Something claws your large abomination.
Something bites your large abomination! Something claws your large abomination!
Something claws your large abomination but does no damage.
Your wraith disappears in a puff of smoke! x2
Your freezing wraith disappears in a puff of smoke!
Something bites your wraith!
Something claws your wraith but does no damage. x2
A shadow dragon is nearby!
A shadow dragon is nearby!
Your wraith disappears in a puff of smoke! x2
Your large abomination hits the shadow dragon.
The shadow dragon closely misses Numeria.
The shadow dragon claws Numeria!
The shadow dragon claws Numeria.
What are your orders? t - Shout!
Orders for allies: a - Attack new target. r - Retreat! s - Stop attacking. g - Guard the area. f - Follow me.
Anything else - Cancel.
Gang up on whom?
Press: ? - help, Dir - move target, f - shadow dragon
Aim: a shadow dragon (ally target) Attack!
Your large abomination hits the shadow dragon!!
Numeria casts a spell at the shadow dragon.
The crystal spear hits the shadow dragon but does no damage.
Your large abomination hits the shadow dragon!
The shadow dragon bites Numeria.
The shadow dragon claws Numeria!
The shadow dragon claws Numeria.
Your large abomination hits the shadow dragon!
Casting: Haunt (mildly dangerous; 1% risk of failure)
Confirm with . or Enter, or press ? or * to list all spells.
Aiming: Haunt (mildly dangerous; 1% risk of failure)
Press: ? - help, Dir - move target, f/p - shadow dragon
Aim: a shadow dragon (heavily wounded, ally target) Insubstantial figures form in the air.
The shadow dragon breathes negative energy at you.
The bolt of negative energy hits your large abomination.
Your large abomination completely resists.
The bolt of negative energy hits your phantasmal warrior.
Your phantasmal warrior completely resists.
The bolt of negative energy hits you.
You feel drained.
Your large abomination barely misses the shadow dragon.
Numeria completely misses the shadow dragon.
Your large abomination hits the shadow dragon.
The shadow dragon barely misses your large abomination.
The shadow dragon claws your large abomination!
The shadow dragon claws your large abomination but does no damage.
Your wraith barely misses the shadow dragon.
Numeria hits the shadow dragon with a +0 lajatang of freezing!
Your large abomination hits the shadow dragon but does no damage. x2
The shadow dragon bites your large abomination but does no damage.
The shadow dragon barely misses your large abomination. x2
Your wraith barely misses the shadow dragon.
Numeria hits the shadow dragon with a +0 lajatang of freezing!!
Numeria freezes the shadow dragon.
Your large abomination hits the shadow dragon!!
Numeria hits the shadow dragon with a +0 lajatang of freezing!!
The shadow dragon dies!
You feel your intelligence returning.
Your phantasmal warrior disappears in a puff of smoke! x2
Your wraith disappears in a puff of smoke!
Your shadow wraith disappears in a puff of smoke!
Your wraith disappears in a puff of smoke!
Your large abomination disappears in a puff of smoke!
Numeria is no longer moving quickly.
Your large abomination disappears in a puff of smoke! x2
Your large abomination disappears in a puff of smoke!
Your large abomination disappears in a puff of smoke!
Found a stone staircase leading up.
You see here an amulet of guardian spirit.
You swap places.
Found a one-way gate leading to the halls of Pandemonium.
There is a one-way gate leading to the halls of Pandemonium here.
You swap places.
Key pressed, stopping explore.
You see here 3 large rocks.
Things that are here:
a +0 trident; a +0 robe You swap places.
The lava snake hisses angrily.
You swap places.
Things that are here:
+0 ice dragon scales; 6 large rocks You swap places.
You swap places.
The lava snake hisses angrily.
You now have 2027 gold pieces (gained 26).
You swap places.
Things that are here:
a +3 battleaxe of draining; a +0 ring mail Key pressed, stopping explore.
You see here a +0 flail.
You see here a staff of poison.
There is a stone staircase leading up here.
Key pressed, stopping explore.
Found 3 stones.
You see here 3 stones.
You swap places.
You see here 3 stones.
There is a stone staircase leading up here.
Key pressed, stopping explore.
You swap places.
There is a stone staircase leading up here.
You see here +0 fire dragon scales.
P - a wand of roots (6) (gained 1 charge)
You swap places.
Done exploring.
Done exploring.
Done exploring.
Done exploring.
Done exploring.
(D) Dungeon (T) Temple (L) Lair (S) Swamp (P) Snake Pit (M) Slime Pits (O) Orcish Mines (E) Elven Halls (V) Vaults (C) Crypt (U) Depths (H) Hell
Where to? (Enter - Depths:2, ? - help)
You swap places.
You see here a +0 plate armour.
You see here a book of Touch.
Things that are here:
a +0 animal skin; a +1 antimagic broad axe You see here a +0 troll leather armour.
There is a stone staircase leading down here.
You fly downwards.
The wizard shouts!
Found Enieg's Magic Scroll Boutique.
Found two stone staircases leading down.
There is a stone staircase leading up here.
A wizard is nearby!
Unknown command.
A wizard is nearby!
A wizard is nearby!
A wizard is nearby!
Casting: Haunt (mildly dangerous; 1% risk of failure)
Confirm with . or Enter, or press ? or * to list all spells.
Aiming: Haunt (mildly dangerous; 1% risk of failure)
Press: ? - help, Dir - move target, f - wizard
Aim: a wizard, wielding a +0 dagger and wearing a +0 robe (ally target) Insubstantial figures form in the air.
Your phantasmal warrior gestures at the wizard.
Your phantasmal warrior blinks!
The wizard hits your phantasmal warrior but does no damage.
Your shadow wraith hits the wizard!!
Numeria mumbles some strange words.
Numeria seems to speed up.
The wizard shouts, "You can't withstand my power!"
The wizard hits your phantasmal warrior but does no damage.
Your shadow wraith hits the wizard.
Your phantasmal warrior hits the wizard!
The wizard's willpower is stripped away!
Your phantasmal warrior hits the wizard!!
The wizard dies!
HP restored.
Your shadow wraith disappears in a puff of smoke!
Your freezing wraith disappears in a puff of smoke!
Your wraith disappears in a puff of smoke!
You swap places.
Your phantasmal warrior disappears in a puff of smoke!
Your phantasmal warrior disappears in a puff of smoke!
There is an entrance to Enieg's Magic Scroll Boutique here.
Found a stone staircase leading up.
A vampire knight comes into view. It is wielding a +1 glaive.
The vampire knight shouts!
You hear a shout! x2
A hell knight comes into view. It is wielding a +4 glaive of flaming.
A necromancer comes into view. It is wielding a +0 dagger.
The vampire knight moves out of view.
There are monsters nearby!
There are monsters nearby!
Casting: Haunt (mildly dangerous; 1% risk of failure)
Confirm with . or Enter, or press ? or * to list all spells.
Aiming: Haunt (mildly dangerous; 1% risk of failure)
Press: ? - help, Dir - move target, f - hell knight
Aim: a hell knight, wielding a +4 glaive of flaming and wearing a +0 chain mail (wandering, hasn't noticed you) Insubstantial figures form in the air.
There are monsters nearby!
Casting: Haunt (mildly dangerous; 1% risk of failure)
Confirm with . or Enter, or press ? or * to list all spells.
The hell knight invokes the aid of its god against you.
The bolt of fire hits your wraith!!
The bolt of fire hits your shadow wraith!
Your wraith hits the hell knight but does no damage.
The necromancer hits your shadow wraith but does no damage.
Your shadow wraith closely misses the necromancer.
Your shadow wraith hits the necromancer!!
Your shadow wraith drains the necromancer's vigour!
The necromancer seems to slow down.
The necromancer gestures wildly while chanting.
The necromancer binds the souls of nearby monsters.
Your wraith hits the hell knight!
Your wraith drains the hell knight's vigour!
The hell knight seems to slow down.
The hell knight hits your wraith with a +4 glaive of flaming!
The hell knight burns your wraith.
Your wraith hits the hell knight but does no damage.
Your wraith barely misses the hell knight.
Your shadow wraith barely misses the necromancer.
Something hits your wraith. Something barely misses your wraith.
Your wraith hits the hell knight but does no damage.
Your wraith hits the hell knight!
Your wraith drains the hell knight's vigour!
The hell knight seems to slow down.
The necromancer hits Numeria but does no damage.
The hell knight hits your wraith with a +4 glaive of flaming!!
The hell knight burns your wraith.
Your wraith is destroyed!
Your wraith disappears in a puff of smoke!
Something hits your wraith!!
Your wraith hits the hell knight!
Your wraith drains the hell knight's vigour!
The hell knight seems to slow down.
Numeria hits the necromancer with a +0 lajatang of freezing!
Numeria freezes the necromancer!
The necromancer dies!
Something hits your wraith. Something misses your wraith.
Your wraith barely misses the hell knight.
Numeria casts a spell at the hell knight.
The crystal spear hits the vampire knight!
The vampire knight hits Numeria with a +1 glaive!
The vampire knight bites Numeria.
Your wraith hits the hell knight. Something barely misses your wraith. x2
Numeria hits the hell knight with a +0 lajatang of freezing!!!
Numeria freezes the hell knight!
The hell knight dies!
A freezing mist starts to gather...
Your large abomination hits the hell knight simulacrum.
Numeria hits the vampire knight with a +0 lajatang of freezing!
Numeria freezes the vampire knight.
Your wraith hits the vampire knight but does no damage.
Something hits your wraith but does no damage.
Something hits your wraith!! Something burns your wraith!
Your wraith is destroyed!
Your wraith disappears in a puff of smoke!
A hell knight comes into view. It is wielding a +0 glaive of pain.
A necromancer comes into view. It is wielding a +0 dagger.
The vampire knight hits Numeria with a +1 glaive!!
The vampire knight bites Numeria.
You hear a shout!
A hell knight simulacrum comes into view.
Numeria hits the vampire knight with a +0 lajatang of freezing!!
Numeria freezes the vampire knight.
Your large abomination hits the vampire knight!!
The vampire knight is destroyed!
Your large abomination hits the hell knight simulacrum!!
The hell knight simulacrum vaporises!
The hell knight hits your wraith with a +0 glaive of pain!!
Your wraith is destroyed!
Your wraith disappears in a puff of smoke!
A necromancer comes into view. It is wielding a +0 dagger.
A hell knight comes into view.
It is wielding a +2 battleaxe of flaming.
Numeria is no longer moving quickly.
Your shadow wraith disappears in a puff of smoke!
Numeria points at the necromancer and mumbles some strange words.
The crystal spear hits the hell knight!!!
Your large abomination hits the necromancer but does no damage.
Numeria casts a spell at the necromancer.
The crystal spear hits the hell knight!!
The hell knight dies!
A freezing mist starts to gather...
The necromancer hits your large abomination with a +0 dagger.
The hell knight hits your large abomination with a +0 glaive of pain.
Your life force feels restored.
A hell knight simulacrum comes into view.
Your large abomination barely misses the necromancer.
Numeria gestures at the necromancer while chanting.
The bolt of magma hits the necromancer!!!
The necromancer dies!
A freezing mist starts to gather...
Your large abomination hits the hell knight!!
Your large abomination hits the hell knight simulacrum!
The necromancer hits your large abomination but does no damage.
The hell knight completely misses your large abomination.
A hell knight comes into view. It is wielding a +3 war axe.
You feel your intelligence returning.
A necromancer simulacrum comes into view.
The hell knight simulacrum closely misses your large abomination.
Numeria hits the necromancer with a +0 lajatang of freezing!!!
Numeria freezes the necromancer.
The necromancer dies!
A freezing mist starts to gather...
Your large abomination hits the hell knight but does no damage.
Your large abomination barely misses the necromancer simulacrum.
Your large abomination hits the hell knight simulacrum!!
The hell knight simulacrum vaporises!
Your tentacled monstrosity tentacle-slaps the necromancer simulacrum!
Your tentacled monstrosity barely misses the necromancer simulacrum.
Your tentacled monstrosity tentacle-slaps the necromancer simulacrum!
Your tentacled monstrosity grabs the necromancer simulacrum.
Your tentacled monstrosity constricts the necromancer simulacrum!
Your large abomination hits the necromancer simulacrum!!
The necromancer simulacrum vaporises!
The hell knight completely misses your large abomination.
Casting: Summon Horrible Things (dangerous; 4% risk of failure)
Confirm with . or Enter, or press ? or * to list all spells.
Your large abomination disappears in a puff of smoke!
Numeria points at the hell knight and mumbles some strange words.
The crystal spear misses the hell knight.
The hell knight closely misses Numeria.
The hell knight barely misses your large abomination.
The hell knight hits your large abomination with a +0 glaive of pain!!
Your large abomination barely misses the hell knight.
The necromancer simulacrum hits your large abomination but does no damage.
Your large abomination hits the necromancer simulacrum!
Numeria barely misses the hell knight.
Your tentacled monstrosity is engulfed in freezing vapours.
The hell knight prays to its god.
The hell knight seems to speed up.
The hell knight hits your large abomination with a +0 glaive of pain!!
Your large abomination hits the hell knight!!
The hell knight hits Numeria with a +3 war axe!
The hell knight hits your large abomination but does no damage.
Numeria gestures at the hell knight while chanting.
The crystal spear hits the hell knight!
The necromancer simulacrum hits your large abomination but does no damage.
Your large abomination hits the necromancer simulacrum!
Your large abomination is engulfed in freezing vapours.
The hell knight hits your large abomination with a +0 glaive of pain!!
Your large abomination is destroyed!
Your large abomination disappears in a puff of smoke!
The hell knight hits Numeria with a +3 war axe!!
Numeria hits the hell knight with a +0 lajatang of freezing!!
Numeria freezes the hell knight!
The hell knight invokes the aid of its god against you.
The bolt of fire misses Numeria.
The bolt of fire hits your tentacled monstrosity!
Your tentacled monstrosity resists.
The bolt of fire misses you.
The necromancer simulacrum completely misses your large abomination.
The hell knight mumbles some strange prayers to its god against you.
The bolt of fire misses Numeria.
The bolt of fire hits your tentacled monstrosity!
Your tentacled monstrosity resists.
The hell knight barely misses Numeria.
Numeria gestures wildly while chanting.
Numeria seems to speed up.
The hell knight hits your large abomination with a +0 glaive of pain!!
The hell knight prays to its god.
The hell knight blinks!
The necromancer simulacrum hits your large abomination but does no damage.
The hell knight hits Numeria with a +0 glaive of pain!
The necromancer simulacrum hits your large abomination but does no damage.
Numeria hits the hell knight with a +0 lajatang of freezing!
Numeria freezes the hell knight.
The hell knight dies!
A freezing mist starts to gather...
Your tentacled monstrosity tentacle-slaps the necromancer simulacrum!!
The necromancer simulacrum vaporises!
A hell knight simulacrum comes into view.
The hell knight mumbles some strange prayers to its god against you.
The bolt of fire hits your large abomination!!
Your large abomination is destroyed!
Your large abomination disappears in a puff of smoke!
The bolt of fire hits your large abomination!! x2
The bolt of fire misses you.
Numeria hits the hell knight but does no damage.
The hell knight hits your tentacled monstrosity with a +3 war axe.
The hell knight misses Numeria.
Numeria gestures at the hell knight while chanting.
The crystal spear hits the hell knight!!!
The hell knight dies!
The hell knight simulacrum closely misses Numeria.
Numeria hits the hell knight simulacrum with a +0 lajatang of freezing!!!
The hell knight simulacrum vaporises!
You swap places.
A sourceless malevolence fills the Depths...
With a horrendous wail, an alarm goes off!
A sentinel's mark forms upon you.
You hear a shout! x2; You hear a screech!
You hear a loud rustle.
You hear a deafening roar!
You hear a shout! x2; You hear a deafening roar!
You hear a shout! x2; You hear a deafening roar!
You hear a horrible gurgling sound!
You hear a shout! x2
You hear a deafening roar! x2; You hear a shout! x2
You hear an angry buzzing noise.
You hear two shouts!
A hell knight simulacrum comes into view.
You hear a horrible gurgling sound!
A hell knight simulacrum is nearby!
You hear a shout!
Something hits your large abomination!
Something freezes your large abomination!!
Your large abomination is destroyed!
Your large abomination disappears in a puff of smoke!
Your tentacled monstrosity disappears in a puff of smoke!
Numeria points at the hell knight simulacrum and mumbles some strange words.
The crystal spear hits the hell knight simulacrum!!!
The hell knight simulacrum vaporises!
A rakshasa comes into view. It is wielding a +0 trident.
Your large abomination disappears in a puff of smoke!
Numeria casts a spell at the rakshasa.
The bolt of magma misses the rakshasa.
Your large abomination disappears in a puff of smoke!
Numeria gestures at the rakshasa while chanting.
The crystal spear hits the rakshasa!!!
Numeria casts a spell at the rakshasa.
The crystal spear hits the rakshasa!!!
The rakshasa dies!
There is a stone staircase leading up here.
You fly upwards.
There is a stone staircase leading down here.
You start waiting.
The sentinel's mark upon you fades away.
Numeria is recalled.
Unknown command.
You fly downwards.
There is a stone staircase leading up here.
Casting: Summon Horrible Things (dangerous; 4% risk of failure)
Confirm with . or Enter, or press ? or * to list all spells.
Aiming: Haunt (mildly dangerous; 1% risk of failure)
Press: ? - help, Dir - move target, f - stone giant
Aim: a stone giant, quivering large rocks Insubstantial figures form in the air.
The stone giant hits your wraith!!
A stone giant is nearby!
A stone giant is nearby!
The stone giant hits your wraith!!
Your wraith is destroyed!
Your wraith disappears in a puff of smoke!
Your phantasmal warrior hits the stone giant!!
The stone giant barely misses your wraith.
Your phantasmal warrior hits the stone giant!!
Your wraith hits the stone giant but does no damage.
Your wraith hits the stone giant.
Your wraith drains the stone giant's vigour!
The stone giant seems to slow down.
The stone giant hits your phantasmal warrior!
Your wraith hits the stone giant.
Your phantasmal warrior hits the stone giant!!
Something hits your wraith.
Your wraith hits the stone giant!
The stone giant dies!
HP restored.
Something hits your wraith but does no damage.
A wizard comes into view. It is wielding a +0 dagger.
The wizard shouts!
A wizard is nearby!
A wizard is nearby!
Casting: Haunt (mildly dangerous; 1% risk of failure)
Confirm with . or Enter, or press ? or * to list all spells.
Aiming: Haunt (mildly dangerous; 1% risk of failure)
Press: ? - help, Dir - move target, f - wizard
Aim: a wizard, wielding a +0 dagger and wearing a +0 robe (ally target) Insubstantial figures form in the air.
The wizard closely misses Numeria.
Your phantasmal warrior disappears in a puff of smoke!
Your wraith disappears in a puff of smoke! x2
The wizard hits Numeria with a +0 dagger.
Numeria casts a spell at the wizard.
The crystal spear hits the wizard!!!
Your shadow wraith barely misses the wizard.
The wizard gestures wildly while chanting.
The wizard flickers and vanishes for a moment.
Numeria closely misses the wizard.
Your wraith hits the wizard!
The wizard dies!
Mennas, the Voice of Zin comes into view.
He is wielding a +3 eudemon blade of holy wrath and wearing a +0 tower shield of positive energy.
Mennas is nearby!
Mennas is nearby!
Casting: Haunt (mildly dangerous; 1% risk of failure)
Confirm with . or Enter, or press ? or * to list all spells.
Aiming: Haunt (mildly dangerous; 1% risk of failure)
Press: ? - help, Dir - move target, f - Mennas
Aim: Mennas, wielding a +3 eudemon blade of holy wrath and wearing a +0 tower shield of positive energy (ally target, haloed, fire blocked by a granite statue) Insubstantial figures form in the air.
Your shadow wraith disappears in a puff of smoke!
Mennas hits something with a +3 eudemon blade of holy wrath!
Mennas hits something but does no damage.
Xtahua the Ancient comes into view.
Casting: Haunt (mildly dangerous; 1% risk of failure)
Confirm with . or Enter, or press ? or * to list all spells.
Your shadow wraith disappears in a puff of smoke!
Casting: Summon Horrible Things (dangerous; 4% risk of failure)
Confirm with . or Enter, or press ? or * to list all spells.
Aiming: Haunt (mildly dangerous; 1% risk of failure)
Press: ? - help, Dir - move target, f/p - Mennas
Aim: Mennas, wielding a +3 eudemon blade of holy wrath and wearing a +0 tower shield of positive energy (ally target, haloed) Insubstantial figures form in the air.
Your wraith disappears in a puff of smoke! x2
Casting: Haunt (mildly dangerous; 1% risk of failure)
Confirm with . or Enter, or press ? or * to list all spells.
You don't know that spell.
Unknown command.
Casting: Haunt (mildly dangerous; 1% risk of failure)
Confirm with . or Enter, or press ? or * to list all spells.
Your skull pulses and throbs as words spoken in an unspeakable tongue drift across your psyche.
You feel dopey.
Your large abomination disappears in a puff of smoke! x3
Mennas gestures frantically.
You resist with almost no effort.
Numeria resists with almost no effort.
Your large abomination easily resists.
Your wraith appears confused.
Your large abomination appears confused.
Your shadow wraith appears confused.
Your large abomination easily resists.
Your wraith resists with almost no effort.
Your large abomination resists with almost no effort. x2
Your tentacled monstrosity easily resists.
Your large abomination easily resists.
Your tentacled monstrosity resists with almost no effort.
Numeria misses Mennas.
What are your orders? t - Shout!
Orders for allies: a - Attack new target. p - Attack previous target. r - Retreat! s - Stop attacking. g - Guard the area. f - Follow me.
Anything else - Cancel.
Gang up on whom?
Press: ? - help, Dir - move target, f/p - Mennas
Aim: Mennas, wielding a +3 eudemon blade of holy wrath and wearing a +0 tower shield of positive energy (ally target, haloed) Attack!
You swap places.
Your large abomination completely misses your large abomination.
Mennas blocks your large abomination's attack. x2
Xtahua completely misses your large abomination.
Xtahua claws your large abomination! Xtahua tramples your large abomination.
Your large abomination holds its ground!
Mennas hits your large abomination with a +3 eudemon blade of holy wrath.
Your large abomination convulses.
Mennas completely misses your large abomination.
Mennas blocks your tentacled monstrosity's attack.
Your tentacled monstrosity tentacle-slaps Mennas!
Your tentacled monstrosity misses Mennas.
Mennas blocks your tentacled monstrosity's attack.
Your wraith hits Xtahua but does no damage.
What are your orders? t - Shout!
Orders for allies: a - Attack new target. p - Attack previous target. r - Retreat! s - Stop attacking. g - Guard the area. f - Follow me.
Anything else - Cancel.
Gang up on whom?
Press: ? - help, Dir - move target, f/p - Mennas
Aim: Mennas, wielding a +3 eudemon blade of holy wrath and wearing a +0 tower shield of positive energy (lightly wounded, ally target, haloed, fire blocked by a granite statue) Attack!
Your large abomination misses Mennas.
Mennas hits your large abomination with a +3 eudemon blade of holy wrath!
Your large abomination convulses!
Mennas hits your large abomination with a +3 eudemon blade of holy wrath!
Your large abomination convulses!
Xtahua bites your large abomination but does no damage.
Xtahua claws your large abomination!
Xtahua tramples your large abomination but does no damage.
Your large abomination hits Xtahua!!
Numeria completely misses Mennas.
Your tentacled monstrosity tentacle-slaps Mennas.
Your tentacled monstrosity misses Mennas.
Mennas blocks your tentacled monstrosity's attack.
Your tentacled monstrosity completely misses Mennas.
Your shadow wraith hits your wraith.
Your wraith misses Mennas. Your wraith hits Xtahua!
Your wraith drains Xtahua's vigour!
Xtahua seems to slow down.
Mennas blocks your large abomination's attack.
Casting: Summon Horrible Things (dangerous; 4% risk of failure)
Confirm with . or Enter, or press ? or * to list all spells.
Aiming: Haunt (mildly dangerous; 1% risk of failure)
Press: ? - help, Dir - move target, f - Xtahua, p - Mennas
Aim: Xtahua (moderately wounded, slow, ally target, haloed) Insubstantial figures form in the air.
Your wraith disappears in a puff of smoke!
Your shadow wraith disappears in a puff of smoke!
Your wraith disappears in a puff of smoke!
Mennas hits your large abomination with a +3 eudemon blade of holy wrath!!
Your large abomination is destroyed!
Your large abomination disappears in a puff of smoke!
Mennas blocks your large abomination's attack.
Numeria gestures at Mennas while chanting.
The crystal spear hits Mennas!!
Xtahua bites your shadow wraith!
Xtahua claws your shadow wraith but does no damage.
Xtahua tramples your shadow wraith!
Your shadow wraith is shoved backwards!
Casting: Haunt (mildly dangerous; 1% risk of failure)
Confirm with . or Enter, or press ? or * to list all spells.
Your large abomination disappears in a puff of smoke! x2
Your large abomination closely misses Mennas.
Your shadow wraith hits Xtahua!!
What are your orders? t - Shout!
Orders for allies: a - Attack new target. p - Attack previous target. r - Retreat! s - Stop attacking. g - Guard the area. f - Follow me.
Anything else - Cancel.
Gang up on whom?
Press: ? - help, Dir - move target, f - Mennas, p - Xtahua
Aim: Mennas, wielding a +3 eudemon blade of holy wrath and wearing a +0 tower shield of positive energy (moderately wounded, ally target, haloed) Attack!
Mennas hits your large abomination with a +3 eudemon blade of holy wrath!
Your large abomination convulses!
Mennas hits your large abomination with a +3 eudemon blade of holy wrath!
Your large abomination convulses!
Your large abomination is destroyed!
Your large abomination disappears in a puff of smoke!
Xtahua bites your shadow wraith.
Xtahua barely misses your shadow wraith.
Xtahua tramples your shadow wraith!
Your shadow wraith is shoved backwards!
Your large abomination hits Mennas!
Mennas gestures frantically.
Mennas's surroundings become eerily quiet.
Your tentacled monstrosity tentacle-slaps Mennas.
Mennas blocks your tentacled monstrosity's attack.
Your tentacled monstrosity closely misses Mennas.
Your tentacled monstrosity grabs Mennas.
Your tentacled monstrosity constricts Mennas.
Your wraith closely misses your freezing wraith.
Your shadow wraith barely misses Xtahua.
Press: ? - help, v - describe, . - travel The floor.
This square is shrouded in silence and is lit by a halo.
Your wraith seems less confused.
Mennas blocks your large abomination's attack.
Mennas struggles to escape constriction.
Xtahua breathes fire at you.
The searing blast hits your large abomination!!!
Your large abomination is destroyed!
Your large abomination disappears in a puff of smoke!
The searing blast hits your large abomination!!!
The searing blast hits you! You resist.
Numeria hits Xtahua with a +0 lajatang of freezing!!
Numeria freezes Xtahua!
Your tentacled monstrosity tentacle-slaps Xtahua but does no damage. x2
Your tentacled monstrosity barely misses Xtahua.
Your tentacled monstrosity constricts Mennas!
Your shadow wraith hits Xtahua!
There is a stone staircase leading up here.
What are your orders?
Orders for allies: a - Attack new target. p - Attack previous target. r - Retreat! s - Stop attacking. g - Guard the area. f - Follow me.
Anything else - Cancel.
Gang up on whom?
Press: ? - help, Dir - move target, f/p - Mennas
Aim: Mennas, wielding a +3 eudemon blade of holy wrath and wearing a +0 tower shield of positive energy (silenced, moderately wounded, constricted by your tentacled monstrosity, radiating silence, ally target, haloed)
Okay, then.
Mennas hits your large abomination with a +3 eudemon blade of holy wrath!!
Your large abomination is destroyed!
Your large abomination disappears in a puff of smoke!
Your large abomination hits Mennas!!
Numeria barely misses Xtahua.
Mennas hits your large abomination with a +3 eudemon blade of holy wrath!
Your large abomination is destroyed!
Your large abomination disappears in a puff of smoke!
Mennas blocks your tentacled monstrosity's attack.
Your tentacled monstrosity tentacle-slaps Mennas but does no damage.
Mennas blocks your tentacled monstrosity's attack.
Your tentacled monstrosity constricts Mennas!
Xtahua bites your shadow wraith!! Xtahua claws your shadow wraith!
Your shadow wraith is destroyed!
Your shadow wraith disappears in a puff of smoke!
Mennas hits your tentacled monstrosity with a +3 eudemon blade of holy wrath!!
Your tentacled monstrosity convulses!
Mennas hits your tentacled monstrosity with a +3 eudemon blade of holy wrath!
Your tentacled monstrosity convulses!
Vv the Exile comes into view.
Numeria barely misses Xtahua.
Your large abomination hits Mennas but does no damage.
Your tentacled monstrosity tentacle-slaps Mennas but does no damage.
Mennas blocks your tentacled monstrosity's attack.
Your tentacled monstrosity tentacle-slaps Mennas but does no damage.
Your tentacled monstrosity constricts Mennas!
Your shadow wraith hits Xtahua!!
Your shadow wraith drains Xtahua's vigour!
Xtahua seems to slow down.
Mennas blocks your tentacled monstrosity's attack. x2
Your tentacled monstrosity tentacle-slaps Mennas but does no damage.
Your freezing wraith hits Xtahua.
Your freezing wraith freezes Xtahua!!
Xtahua is frozen!
Your freezing wraith hits Xtahua.
Mennas hits your tentacled monstrosity with a +3 eudemon blade of holy wrath!!
Your tentacled monstrosity convulses!!!
Mennas hits your tentacled monstrosity with a +3 eudemon blade of holy wrath!!
Your tentacled monstrosity dies!
Your tentacled monstrosity disappears in a puff of smoke!
Xtahua bites your freezing wraith!
Xtahua claws your freezing wraith but does no damage.
Xtahua tramples your freezing wraith.
Your freezing wraith holds its ground!
Mennas hits your tentacled monstrosity with a +3 eudemon blade of holy wrath!!
Your tentacled monstrosity convulses!!
Mennas hits your tentacled monstrosity with a +3 eudemon blade of holy wrath.
Your tentacled monstrosity convulses.
Mennas blocks Numeria's attack.
Mennas blocks your large abomination's attack.
Your freezing wraith completely misses Xtahua.
Your freezing wraith barely misses Xtahua.
Your phantasmal warrior gestures at Mennas.
Your phantasmal warrior blinks!
Your shadow wraith barely misses Xtahua.
Mennas hits your tentacled monstrosity with a +3 eudemon blade of holy wrath!!
Your tentacled monstrosity convulses!
Mennas hits your tentacled monstrosity with a +3 eudemon blade of holy wrath!!
Your tentacled monstrosity convulses!!!
Your tentacled monstrosity dies!
Your tentacled monstrosity disappears in a puff of smoke!
Mennas blocks Numeria's attack.
Xtahua breathes fire at your freezing wraith.
The searing blast hits your freezing wraith!!!
Your freezing wraith is burned terribly!
Your freezing wraith is destroyed!
Your freezing wraith disappears in a puff of smoke!
Your shadow wraith hits Xtahua.
Your shadow wraith drains Xtahua's vigour!
Xtahua seems to slow down.
Your large abomination hits Mennas!!
What are your orders?
Orders for allies: a - Attack new target. p - Attack previous target. r - Retreat! s - Stop attacking. g - Guard the area. f - Follow me.
Anything else - Cancel.
Gang up on whom?
Press: ? - help, Dir - move target, f/p - Mennas
Aim: Mennas, wielding a +3 eudemon blade of holy wrath and wearing a +0 tower shield of positive energy (silenced, severely wounded, radiating silence, not watching you, ally target, haloed) Attack!
Mennas hits your large abomination with a +3 eudemon blade of holy wrath!
Your large abomination convulses!
Mennas hits your large abomination with a +3 eudemon blade of holy wrath!!
Your large abomination is destroyed!
Your large abomination disappears in a puff of smoke!
Mennas blocks Numeria's attack.
Your large abomination misses Mennas.
Mennas hits Numeria with a +3 eudemon blade of holy wrath!! x2
Your freezing wraith hits Xtahua.
Xtahua dies!
The fire dragon scales {Xtahua} are intact enough to wear.
Mennas hits Numeria with a +3 eudemon blade of holy wrath!
Mennas closely misses Numeria.
Vv hits your freezing wraith!! Vv freezes your freezing wraith.
Your freezing wraith completely resists.
Vv barely misses your freezing wraith.
Mennas blocks Numeria's attack.
Your wraith completely misses Mennas.
Mennas blocks your shadow wraith's attack.
Your shadow wraith disappears in a puff of smoke!
Mennas hits Numeria but does no damage.
Mennas hits Numeria with a +3 eudemon blade of holy wrath!
Vv hits your wraith. Vv freezes your wraith!
Your wraith resists.
Vv hits your wraith!
Your wraith is destroyed!
Your wraith disappears in a puff of smoke!
Your large abomination misses Mennas.
Numeria hits Mennas with a +0 lajatang of freezing!
Numeria freezes Mennas!
Mennas hits Numeria with a +3 eudemon blade of holy wrath!
Mennas barely misses Numeria.
Your freezing wraith hits Vv but does no damage. x2
Mennas blocks your wraith's attack.
Your phantasmal warrior gestures at Mennas.
Your phantasmal warrior blinks!
Your freezing wraith disappears in a puff of smoke!
Mennas hits Numeria with a +3 eudemon blade of holy wrath!
Mennas hits Numeria but does no damage.
Mennas blocks Numeria's attack.
Your wraith hits Mennas.
Your large abomination completely misses Mennas.
Your phantasmal warrior gestures at Mennas.
Your phantasmal warrior blinks!
Mennas misses your wraith.
Mennas hits your wraith with a +3 eudemon blade of holy wrath!!
Your wraith convulses!
Your wraith is destroyed!
Your wraith disappears in a puff of smoke!
Mennas hits Numeria with a +3 eudemon blade of holy wrath!!
Numeria is destroyed!
Your phantasmal warrior gestures at Mennas.
Your phantasmal warrior blinks!
Mennas hits your freezing wraith with a +3 eudemon blade of holy wrath!!
Your freezing wraith convulses!!!
Your freezing wraith is destroyed!
Your freezing wraith disappears in a puff of smoke!
Something hits your phantasmal warrior!
Your large abomination misses Mennas.
Your phantasmal warrior gestures at Mennas.
Your phantasmal warrior blinks!
Mennas hits your phantasmal warrior with a +3 eudemon blade of holy wrath.
Your phantasmal warrior convulses.
Mennas hits your phantasmal warrior but does no damage.
A rakshasa comes into view. It is wielding a +0 trident.
Vv hits your phantasmal warrior!!
Your phantasmal warrior is destroyed!
Your phantasmal warrior disappears in a puff of smoke!
Mennas hits your large abomination with a +3 eudemon blade of holy wrath!!
Your large abomination convulses!!
Your large abomination is destroyed!
Your large abomination disappears in a puff of smoke!
Casting: Summon Horrible Things (dangerous; 4% risk of failure)
Confirm with . or Enter, or press ? or * to list all spells.
Mennas becomes audible again.
Mennas gestures frantically.
Mennas's surroundings become eerily quiet.
Vv hits your large abomination! Vv freezes your large abomination!!
Vv hits your large abomination!!
Your large abomination is destroyed!
Your large abomination disappears in a puff of smoke!
What are your orders?
Orders for allies: a - Attack new target. p - Attack previous target. r - Retreat! s - Stop attacking. g - Guard the area. f - Follow me.
Anything else - Cancel.
Gang up on whom?
Press: ? - help, Dir - move target, f/p - Mennas
Aim: Mennas, wielding a +3 eudemon blade of holy wrath and wearing a +0 tower shield of positive energy (silenced, almost dead, radiating silence, haloed) Attack!
You feel yourself speed up.
Mennas blocks your large abomination's attack.
Mennas hits you with a +3 eudemon blade of holy wrath.
Mennas hits you but does no damage.
Mennas blocks your large abomination's attack.
You completely miss Mennas.
Mennas is almost dead.
Mennas hits you with a +3 eudemon blade of holy wrath!!
You block Mennas's attack.
Mennas blocks your large abomination's attack.
Vv hits your large abomination. Vv freezes your large abomination!!!
Your large abomination is destroyed!
Your large abomination disappears in a puff of smoke!
Mennas hits you but does no damage. Mennas misses you.
You fly upwards.
Your summoned allies are left behind.
There is a stone staircase leading down here.
You feel very mighty all of a sudden. Mennas completely misses you.
Mennas hits you but does no damage.
A red film seems to cover your vision as you go berserk!
You feel yourself moving faster!
You feel mighty!
Mennas hits you with a +3 eudemon blade of holy wrath!
Mennas hits you but does no damage. Mennas blocks your attack.
Mennas is almost dead.
Mennas completely misses you. Mennas closely misses you.
You barely miss Mennas.
Mennas is almost dead.
Mennas closely misses you.
Mennas hits you with a +3 eudemon blade of holy wrath.
Mennas blocks your attack.
Mennas is almost dead.
Mennas hits you but does no damage.
Mennas hits you with a +3 eudemon blade of holy wrath.
You closely miss Mennas.
Mennas is almost dead.
Mennas hits you with a +3 eudemon blade of holy wrath!
Mennas completely misses you.
You completely miss Mennas.
Mennas is almost dead.
Mennas barely misses you. x2
Mennas blocks your attack.
Mennas is almost dead.
Mennas becomes audible again.
Mennas gestures frantically.
Mennas is healed somewhat.
You slash Mennas!
Mennas is almost dead.
Mennas hits you with a +3 eudemon blade of holy wrath!
* * * LOW HITPOINT WARNING * * *
Mennas hits you with a +3 eudemon blade of holy wrath!
* * * LOW HITPOINT WARNING * * *
Mennas blocks your attack.
Mennas is almost dead.
Mennas hits you with a +3 eudemon blade of holy wrath!!
* * * LOW HITPOINT WARNING * * *
Mennas hits you but does no damage.
You hit Mennas.
Mennas is almost dead.
Mennas hits you with a +3 eudemon blade of holy wrath.
* * * LOW HITPOINT WARNING * * *
Mennas closely misses you. Mennas blocks your attack.
Mennas is almost dead.
Mennas hits you with a +3 eudemon blade of holy wrath!
* * * LOW HITPOINT WARNING * * *
Mennas closely misses you.
You feel a strong urge to attack something.
You are no longer berserk.
You are exhausted.
You feel yourself slow down.
Mennas gestures frantically.
Mennas's surroundings become eerily quiet.
Magic scrolls do not work when you're silenced!
You feel much better.
You feel much better.
Mennas hits you with a +3 eudemon blade of holy wrath!
* * * LOW HITPOINT WARNING * * *
Mennas hits you with a +3 eudemon blade of holy wrath!!
* * * LOW HITPOINT WARNING * * *
Mennas hits you with a +3 eudemon blade of holy wrath!
* * * LOW HITPOINT WARNING * * *
Mennas hits you with a +3 eudemon blade of holy wrath!
* * * LOW HITPOINT WARNING * * *
Okay, then.
Magic scrolls do not work when you're silenced!
Unknown command.
Okay, then.
Aiming: Phantom Mirror
Press: ? - help, Dir - move target, f - Mennas
Aim: Mennas, wielding a +3 eudemon blade of holy wrath and wearing a +0 tower shield of positive energy (silenced, severely wounded, radiating silence, haloed)
You reflect Mennas with the mirror!
The mirror clouds!
Mennas hits you with a +3 eudemon blade of holy wrath.
* * * LOW HITPOINT WARNING * * *
You block Mennas's attack.
Mennas completely misses Mennas.
Mennas closely misses Mennas.
Mennas attacks as you move away!
Mennas hits you with a +3 eudemon blade of holy wrath!!
* * * LOW HITPOINT WARNING * * *
Mennas hits you with a +3 eudemon blade of holy wrath!
You die...

#......X..########.#..#..#[.#
#....X..#.......###8#...#8#..
#...X##########.<.)#..#..#..#
#....# #.##≈##.......#8#...#8
#....# #.#≈≈≈#.....#..#..#..#
#....# #.#≈≈≈#....#8#...#8#..
#####....###.##b##.....#..#..#..#
.............#####.....[.#8#...#8
.####....###....@A#.###.#.#..#..#
.# #....# ######A..# #.#...#8#..
.# ###### #...####.#....#.## .#
#>.[.............. .#
#.(#####.#.###.##.
.###############..# #....# #.###
..................# #..#.# #....
.∩..............[[###########.###
.###########...#[#.#.#......#.#.#


You could see Mennas (silencing, ally target), a fire bat and the friendly
Mennas (summoned, silencing, drained).

Vanquished Creatures
  the Lernaean hydra (Swamp:4)
  Saint Roka (Snake:2)
  A tentacled monstrosity (Depths:2)
  2 deep elf blademasters
  Kirke (D:13)
  A sphinx (Depths:1)
  2 nagarajas (Snake:4)
  2 fenstrider witches
  A vault warden (Vaults:1)
  A ghost moth (Depths:1)
  2 vampire knights (Depths:1)
  2 stone giants
  Azrael (Orc:2)
  4 eleionomae
  A spark wasp (Swamp:1)
  A dire elephant (Vaults:1)
  A bunyip (Swamp:1)
  A yaktaur captain (Vaults:4)
  Erolcha (D:9)
  3 shambling mangroves
  19 hydras
  3 vault guards (D:13)
  3 salamander tyrants
  A boulder beetle (D:14)
  2 naga warriors
  The ghost of tardwrangler69 the Severer, a novice MiCK of Xom (D:9)
  12 alligators
  5 two-headed ogres
  Erica (Lair:2)
  2 dancing weapons (Elf:2)
  A centaur warrior (D:15)
  7 death yaks
  12 anacondas
  2 sun demons
  3 shock serpents
  11 naga sharpshooters
  A tengu warrior (D:10)
  An orc high priest (Orc:2)
  4 spriggans
  Nergalle (D:11)
  2 shadow wraiths (Depths:1)
  5 salamander mystics
  Amaemon (Lair:3)
  6 goliath frogs
  A death drake (Swamp:3)
  2 spriggan druids
  A deep elf archer (Elf:1)
  A flayed ghost (Depths:1)
  4 swamp dragons
  4 bog bodies
  5 lindwurms
  3 naga ritualists
  3 ironbound convokers
  Pikel (D:7)
  4 harpies (Vaults:1)
  An ugly thing (D:15)
  3 phantasmal warriors
  2 deep elf pyromancers
  12 mana vipers
  7 deep elf zephyrmancers
  2 orc knights (Orc:1)
  3 orc sorcerers (Orc:2)
  A cyclops (D:12)
  A manticore (D:12)
  18 salamanders
  9 elephants (Lair:2)
  2 guardian serpents (Snake:4)
  19 black mambas
  A vault sentinel (Vaults:4)
  9 cane toads
  12 naga magi
  3 rime drakes
  2 yaktaurs (Vaults:3)
  6 komodo dragons
  2 red devils (Lair:5)
  A tengu conjurer (D:15)
  A hellwing (Lair:5)
  3 trolls
  A meliai (D:11)
  3 tyrant leeches
  A bloated husk (Swamp:4)
  A polar bear (Lair:4)
  3 slime creatures
  A wind drake (Lair:3)
  9 blink frogs
  6 hornets
  3 dream sheep (Lair:4)
  A slime creature (shapeshifter) (Elf:1)
  A shadow (D:13)
  4 wraiths
  Sigmund (D:5)
  A wyvern (D:10)
  A hog (D:13)
  27 yaks
  2 fire elementals
  Eustachio (D:5)
  2 basilisks
  13 vampire mosquitoes
  3 steam dragons
  Menkaure (D:5)
  A warg (Orc:1)
  24 nagas
  2 acid dragons
  2 nameless horrors
  3 hell hounds
  6 swamp worms
  2 water moccasins (Lair:1)
  2 black bears
  Duvessa (D:7)
  23 orc warriors
  2 ice beasts
  2 swamp drakes (Swamp:1)
  8 centaurs
  2 wolves (D:8)
  6 ogres
  Blork the orc (D:4)
  2 kobold brigands
  5 bullfrogs
  2 gnoll sergeants
  A scorpion (D:5)
  7 wights
  2 killer bees (D:9)
  An electric eel (D:8)
  A jelly (D:4)
  A gnoll bouda (D:9)
  2 hounds
  21 orc priests
  3 iguanas (D:6)
  31 orc wizards
  Ijyb (D:5)
  Natasha (twice) (D:3)
  Terence (D:2)
  22 gnolls
  6 adders
  8 river rats (D:5)
  2 shadow imps
  3 ufetubi
  4 worms
  5 dart slugs
  50 orcs
  4 endoplasms
  3 giant cockroaches
  19 goblins
  10 hobgoblins
  7 jackals
  19 kobolds
  4 quokkas
  8 ball pythons
  12 bats
  3 frilled lizards
  4 rats
734 creatures vanquished.

Vanquished Creatures (collateral kills)
  Mara (Swamp:4)
  A juggernaut (Depths:2)
  Xtahua (Depths:3)
  A caustic shrike (Depths:2)
  Jory (Depths:1)
  A Hellbinder (WizLab)
  Rupert (D:15)
  2 liches (Vaults:3)
  A deep elf blademaster (Elf:3)
  A deep elf master archer (Elf:3)
  3 sphinxes
  A walking divine tome (Depths:2)
  2 tengu reavers (Depths:2)
  2 shadow dragons (Depths:2)
  A nagaraja (Snake:4)
  7 deep elf sorcerers (Elf:3)
  A fenstrider witch (Swamp:4)
  2 frost giants (Vaults:1)
  2 storm dragons
  4 fire giants
  An iron dragon (Depths:2)
  A ghost moth (Depths:1)
  Louise (D:15)
  2 cacodemons (WizLab)
  An orc warlord (Vaults:1)
  11 vault wardens
  Aizul (Elf:2)
  A ghoul (Vaults:3)
  A demonspawn blood saint (WizLab)
  3 deep elf elementalists (Elf:3)
  10 ironbound preservers
  A spriggan defender (Depths:2)
  8 ironbound thunderhulks
  6 very ugly things
  8 stone giants
  4 vampire knights
  An entropy weaver (Vaults:3)
  A war gargoyle (Vaults:2)
  5 deep elf annihilators (Elf:3)
  8 dire elephants
  A lorocyproca (WizLab)
  8 deep elf demonologists
  A bunyip (Swamp:2)
  10 eidola (Depths:1)
  5 green deaths (WizLab)
  5 ettins
  6 deep elf death magi (Elf:3)
  A crystal guardian (Vaults:4)
  4 fire dragons
  3 deep elf high priests (Elf:3)
  12 yaktaur captains
  Harold (D:11)
  5 rakshasas
  12 vault guards
  6 great orbs of eyes
  2 salamander tyrants
  3 boulder beetles
  3 ice dragons
  2 two-headed ogres
  9 hydras
  An ogre mage (D:15)
  A peacekeeper (Vaults:4)
  3 centaur warriors
  2 ghost crabs
  11 ironbound frosthearts
  5 anacondas
  A spriggan air mage (Depths:2)
  2 naga warriors
  26 dancing weapons
  4 tengu warriors
  3 death yaks
  A death knight (D:14)
  Urug (Orc:2)
  2 deep troll earth magi (Depths:1)
  An alligator (Swamp:3)
  4 shock serpents
  A deep troll shaman (Depths:2)
  4 spriggan berserkers
  A vampire mage (Depths:2)
  20 deep elf knights
  7 naga sharpshooters
  14 hell knights
  7 shadow wraiths (Depths:1)
  A sixfirhy (WizLab)
  A sun demon (WizLab)
  4 soul eaters (WizLab)
  2 iron trolls
  4 goliath frogs
  6 swamp dragons
  A skeletal warrior (D:10)
  A spriggan druid (Swamp:3)
  10 deep elf archers
  4 naga ritualists
  26 deep trolls
  A glowing orange brain (Depths:1)
  11 ironbound convokers
  2 lindwurms (Vaults:2)
  3 flayed ghosts (Depths:1)
  19 deep elf zephyrmancers
  9 bog bodies
  4 phantasmal warriors
  10 wizards
  8 necromancers
  3 orc knights
  23 deep elf pyromancers
  2 orc sorcerers (Orc:2)
  23 ugly things
  A mana viper (Snake:1)
  A manticore (D:14)
  3 cyclopes
  3 will-o-the-wisps
  3 elephants
  20 black mambas
  An elephant (shapeshifter) (Vaults:2)
  4 orange demons
  4 salamanders
  4 guardian serpents
  A rust devil (WizLab)
  4 naga magi
  3 cane toads
  10 vault sentinels
  A frost giant skeleton (Depths:1)
  A smoke demon (WizLab)
  A hellion (WizLab)
  2 freezing wraiths
  49 yaktaurs
  3 komodo dragons
  2 ice devils (Lair:5)
  A tengu conjurer (Depths:2)
  6 rime drakes
  A tormentor (WizLab)
  A spriggan skeleton (Depths:1)
  A meliai (shapeshifter) (Vaults:1)
  2 meliai (D:11)
  2 red devils
  2 tyrant leeches
  3 polar bears
  3 hellwings (WizLab)
  6 trolls
  8 hornets
  7 blink frogs
  15 slime creatures
  3 dream sheep (Lair:4)
  3 air elementals
  A shadow (D:12)
  5 wraiths
  4 water elementals
  6 spriggans
  A ynoxinul (D:9)
  18 yaks
  3 wyverns
  3 fire elementals
  2 basilisks
  9 vampire mosquitoes
  2 neqoxecs (WizLab)
  3 chaos spawn (WizLab)
  A warg (Snake:2)
  13 nagas
  11 swamp worms
  A glowing shapeshifter zombie (Depths:1)
  7 water moccasins
  5 hell hounds
  2 nameless horrors
  11 swamp drakes
  12 orc warriors
  A tengu skeleton (Depths:1)
  An ice beast (D:7)
  5 wolves
  9 centaurs
  6 boggarts
  A lemure (D:7)
  3 ogres
  4 kobold brigands
  A necrophage (D:6)
  5 bullfrogs
  3 earth elementals
  A scorpion (Lair:2)
  3 gnoll sergeants
  5 wights
  Dowan (D:7)
  3 jellies
  4 gnoll boudas
  11 orc priests
  3 hounds
  An iguana (D:5)
  10 orc wizards
  A polar bear simulacrum (Lair:1)
  10 gnolls
  An adder (D:5)
  3 shadow imps
  A worm (D:5)
  31 orcs
  6 bats (Lair:5)
  4 goblins (Bailey)
  12 hobgoblins
  10 kobolds
  A rat (D:5)
  6 ball lightnings
982 creatures vanquished.

Vanquished Creatures (others)
  A deep elf knight (Elf:3)
  A naga (Snake:4)
  A hell hound (Orc:2)
  71 battlemagi
  4 ancestors (D:5)
  224 ball lightnings
  A bush (Lair:3)
  6 foxfires
  38 fungi
  61 plants
408 creatures vanquished.

Grand Total: 2124 creatures vanquished

Notes
Turn   | Place    | Note
-------+----------+-------------------------------------------
     0 | D:1      | sleeves the Djinni Ice Elementalist began the quest for the
                  | Orb.
     0 | D:1      | sleeves set off with the following spells memorised:
                  | Freeze, Frozen Ramparts, Ozocubu's Armour, Hailstorm.
     0 | D:1      | Reached XP level 1. HP: 15/15 MP: 0/0
   184 | D:1      | Reached XP level 2. HP: 15/21 MP: 0/0
   854 | D:1      | Reached XP level 3. HP: 24/25 MP: 0/0
   854 | D:1      | Learned a level 1 spell: Sting
  1072 | D:1      | Reached skill level 4 in Spellcasting
  1673 | D:2      | Reached XP level 4. HP: 31/31 MP: 0/0
  1707 | D:2      | Found a glowing golden altar of the Shining One.
  1994 | D:2      | Noticed Terence
  2003 | D:2      | Killed Terence
  2006 | D:2      | Found a faded altar of an unknown god.
  2623 | D:2      | Found a runed translucent door.
  2624 | D:2      | Noticed Crazy Yiuf
  3050 | D:3      | Found a sparkling altar of Nemelex Xobeh.
  3313 | D:3      | Reached XP level 5. HP: 33/35 MP: 0/0
  3313 | D:3      | Learned a level 2 spell: Call Imp
  3345 | D:3      | Found a glowing golden altar of the Shining One.
  3347 | D:3      | Found a burning altar of Makhleb.
  3388 | D:3      | Found Uklica's Weapon Emporium.
  3403 | D:3      | Identified the +9 dire flail "Boonosif" {freeze, rElec
                  | Int+3 SInv}
  3403 | D:3      | Noticed an ogre
  3403 | D:3      | Noticed Arctor's ghost (amateur DsFi)
  3404 | D:3      | Found a transporter.
  3404 | D:3      | Found a transporter.
  3447 | D:3      | Found an iron altar of Okawaru.
  3450 | D:3      | Found a hazy altar of Hepliaklqana.
  3450 | D:3      | Found a sacrificial altar of Ru.
  3453 | D:3      | Found a hide-covered altar of Uskayaw.
  3455 | D:3      | Found a blossoming altar of Fedhas.
  3838 | D:3      | Noticed Natasha
  3842 | D:3      | Killed Natasha
  3843 | D:3      | Reached skill level 5 in Spellcasting
  4183 | D:3      | Became a worshipper of Hepliaklqana the Forgotten
  4327 | D:4      | Found a broken altar of Ashenzari.
  4456 | D:4      | Reached XP level 6. HP: 36/40 MP: 0/0
  4495 | D:4      | Found a staircase to the Ecumenical Temple.
  4719 | D:4      | Noticed Blork the orc
  4746 | D:4      | Killed Blork the orc
  4747 | D:4      | Reached skill level 1 in Fighting
  4929 | D:4      | Noticed a black bear
  4938 | D:4      | Killed a black bear
  4939 | D:4      | Reached skill level 2 in Fighting
  4939 | D:4      | Reached XP level 7. HP: 40/49 MP: 0/0
  4939 | D:4      | Learned a level 3 spell: Teleport Other
  5089 | D:4      | Reached skill level 3 in Fighting
  5456 | D:5      | Entered Level 5 of the Dungeon
  5458 | D:5      | Reached * piety under Hepliaklqana
  5458 | D:5      | Noticed Sigmund
  5471 | D:4      | HP: 22/45 [phantom (1)]
  5715 | D:3      | Noticed Natasha
  5728 | D:3      | Killed Natasha
  5982 | D:5      | Reached skill level 6 in Spellcasting
  5987 | D:5      | Killed Sigmund
  5988 | D:5      | Reached skill level 4 in Fighting
  5988 | D:5      | Reached XP level 8. HP: 36/52 MP: 0/0
  6041 | D:5      | Noticed Eustachio
  6143 | D:5      | Found Usillul's Jewellery Emporium.
  6216 | D:5      | Found Ukaimot's Antique Weapon Emporium.
  6275 | D:5      | HP: 25/52 [Eustachio/+0 rapier (1)]
  6277 | D:5      | Killed Eustachio
  6278 | D:5      | Reached skill level 5 in Fighting
  6329 | D:5      | Noticed Ijyb
  6369 | D:5      | HP: 26/53 [Ijyb/puff of flame (2)]
  6371 | D:5      | Killed Ijyb
  6426 | D:5      | HP: 26/54 [worm (1)]
  6454 | D:5      | HP: 12/54 [river rat (4)]
  6759 | D:5      | Noticed Menkaure
  6778 | D:5      | Killed Menkaure
  6779 | D:5      | Reached skill level 7 in Spellcasting
  7400 | D:6      | Reached skill level 6 in Fighting
  7467 | D:6      | Reached XP level 9. HP: 53/59 MP: 0/0
  7467 | D:6      | Learned a level 3 spell: Confusing Touch
  7996 | D:6      | Found Funiuf's Magic Scroll Shop.
  8002 | D:6      | Bought a scroll of identify for 22 gold pieces
  8670 | D:6      | Found a glowing silver altar of Zin.
  8670 | D:6      | Noticed an angel
  8684 | D:6      | Reached ** piety under Hepliaklqana
  8685 | D:6      | Remembered your ancestor Numeria as a battlemage
  8689 | D:6      | Reached skill level 7 in Fighting
  9126 | D:7      | Reached skill level 8 in Spellcasting
  9375 | D:7      | Noticed Duvessa
  9375 | D:7      | Noticed Dowan
  9391 | D:7      | Killed Dowan
  9392 | D:7      | Reached skill level 8 in Fighting
  9422 | D:7      | Killed Duvessa
  9685 | D:7      | Found a snail-covered altar of Cheibriados.
  9686 | D:7      | Noticed Pikel
  9697 | D:7      | Killed Pikel
  9698 | D:7      | Reached XP level 10. HP: 49/69 MP: 0/0
 10242 | D:7      | Reached skill level 1 in Armour
 10296 | D:7      | Reached *** piety under Hepliaklqana
 10318 | D:7      | Reached skill level 3 in Dodging
 10326 | D:7      | Reached skill level 9 in Fighting
 10715 | D:8      | Found a basalt altar of Yredelemnul.
 10718 | D:8      | Reached skill level 2 in Armour
 10718 | D:8      | Found an opulent altar of Gozag.
 10856 | D:8      | Noticed a two-headed ogre
 11026 | D:8      | HP: 30/70 [wight/+1 dagger (1)]
 11027 | D:8      | Killed a two-headed ogre
 11028 | D:8      | Reached skill level 4 in Dodging
 11028 | D:8      | Reached skill level 9 in Spellcasting
 11291 | D:8      | Reached skill level 3 in Armour
 11299 | D:8      | Found a staircase to the Lair.
 11632 | D:8      | Reached XP level 11. HP: 68/75 MP: 0/0
 11632 | D:8      | Learned a level 5 spell: Iskenderun's Battlesphere
 11958 | D:9      | Reached skill level 5 in Dodging
 11958 | D:9      | Reached skill level 1 in Shields
 11961 | D:9      | Reached skill level 4 in Armour
 12005 | D:9      | Reached skill level 2 in Shields
 12009 | D:9      | Reached skill level 10 in Fighting
 12027 | D:9      | Noticed a deep elf pyromancer
 12142 | D:9      | Found a runed translucent door.
 12145 | D:9      | Noticed tardwrangler69's ghost (novice MiCK)
 12185 | D:9      | Found a staircase to the Orcish Mines.
 12224 | D:9      | Noticed Erolcha
 12237 | D:9      | Killed Erolcha
 12238 | D:9      | Reached skill level 3 in Shields
 12242 | D:9      | Found a flagged portal.
 12416 | Bailey   | Entered a bailey
 12568 | Bailey   | Reached skill level 6 in Dodging
 12658 | Bailey   | Reached skill level 5 in Armour
 12889 | Bailey   | Noticed an orc warlord
 12917 | Bailey   | HP: 22/76 [orc warlord/+4 battleaxe (38)]
 12919 | Bailey   | HP: 6/76 [orc warlord/+4 battleaxe (16)]
 12984 | Bailey   | Reached skill level 6 in Armour
 12984 | Bailey   | Reached skill level 7 in Dodging
 12984 | Bailey   | Reached skill level 5 in Shields
 12984 | Bailey   | Reached skill level 10 in Spellcasting
 12984 | Bailey   | Reached XP level 12. HP: 43/83 MP: 0/0
 13025 | Bailey   | HP: 38/83 [orc warrior/+0 battleaxe (14)]
 13326 | D:9      | Reached skill level 11 in Fighting
 13411 | D:9      | Reached **** piety under Hepliaklqana
 13447 | D:9      | Found a bloodstained altar of Trog.
 14920 | D:9      | Killed tardwrangler69's ghost
 14921 | D:9      | Reached skill level 8 in Dodging
 14921 | D:9      | Reached XP level 13. HP: 68/89 MP: 0/0
 14921 | D:9      | Learned a level 5 spell: Manifold Assault
 15025 | D:10     | Entered Level 10 of the Dungeon
 15126 | D:10     | Reached skill level 7 in Armour
 15645 | D:10     | Found the +5 scythe "Finisher" {speed, eviscerate}
 15653 | D:10     | Reached skill level 6 in Shields
 15653 | D:10     | Reached skill level 1 in Invocations
 16082 | D:11     | Noticed Nergalle
 16092 | D:11     | Killed Nergalle
 16217 | D:11     | Reached skill level 2 in Invocations
 16267 | D:11     | Noticed Harold
 16273 | D:11     | Killed Harold
 16397 | D:11     | Reached ***** piety under Hepliaklqana
 16585 | D:11     | Found Syvi's Antique Armour Shop.
 16970 | D:11     | HP: 41/89 [meliai/+0 war axe (12)]
 16971 | D:11     | HP: 16/89 [meliai/+0 war axe (15)]
 17339 | Lair:1   | Entered Level 1 of the Lair of Beasts
 17343 | Lair:1   | Reached skill level 3 in Invocations
 17345 | Lair:1   | Found a frozen archway.
 17345 | Lair:1   | Noticed a five-headed hydra
 17356 | Lair:1   | Killed a five-headed hydra
 17357 | Lair:1   | Reached skill level 9 in Dodging
 17717 | Lair:1   | Reached skill level 8 in Armour
 17985 | Lair:1   | Reached skill level 12 in Fighting
 18331 | Lair:2   | Reached skill level 4 in Invocations
 18337 | Lair:2   | HP: 40/90 [elephant (3)]
 18341 | Lair:2   | HP: 15/90 [elephant (11)]
 18618 | Lair:2   | Reached XP level 14. HP: 88/96 MP: 0/0
 18863 | Lair:2   | Noticed Erica
 18881 | Lair:2   | Killed Erica
 19144 | Lair:2   | Reached skill level 11 in Spellcasting
 19152 | Lair:2   | Reached skill level 5 in Invocations
 19388 | Lair:2   | Reached skill level 10 in Dodging
 19845 | Lair:2   | Reached skill level 9 in Armour
 20011 | Lair:3   | Noticed Amaemon
 20024 | Lair:3   | Killed Amaemon
 20137 | Lair:3   | Found a staircase to the Swamp.
 20181 | Lair:3   | Found a staircase to the Snake Pit.
 20326 | Lair:3   | Identified the ring of Ycuih {Fly rElec rPois MP-9 Slay+5}
 20372 | Lair:3   | Noticed Nessos
 20376 | Lair:3   | HP: 41/97 [Nessos/arrow (13)]
 21058 | Lair:3   | Noticed Nessos
 21058 | Lair:3   | Nessos changed into Nessos the wind drake
 21063 | Lair:3   | Killed Nessos the wind drake
 21247 | Lair:3   | Reached skill level 6 in Invocations
 22233 | Lair:4   | Reached ****** piety under Hepliaklqana
 22335 | Lair:4   | Reached skill level 13 in Fighting
 22912 | Lair:4   | Found a staircase to the Slime Pits.
 23051 | Lair:5   | Entered Level 5 of the Lair of Beasts
 23119 | Lair:5   | Reached skill level 10 in Armour
 23119 | Lair:5   | Reached XP level 15. HP: 60/102 MP: 0/0
 23119 | Lair:5   | Learned a level 6 spell: Conjure Ball Lightning
 23333 | Lair:5   | Reached skill level 7 in Invocations
 23441 | Lair:5   | Reached skill level 7 in Shields
 24690 | Lair:5   | Found a burning altar of Makhleb.
 24707 | Lair:5   | Reached skill level 8 in Invocations
 24950 | Lair:5   | Found a gateway to Hell.
 24957 | Lair:5   | Identified the +0 buckler of Midsummer {Will++ Int-3}
 25163 | Orc:1    | Entered Level 1 of the Orcish Mines
 25192 | Orc:1    | HP: 39/104 [orc priest/divine providence (8)]
 25589 | Orc:2    | Entered Level 2 of the Orcish Mines
 25593 | Orc:2    | Reached skill level 12 in Spellcasting
 25707 | Orc:1    | Reached skill level 8 in Shields
 26031 | Orc:1    | Found a runed translucent door.
 26031 | Orc:1    | Noticed Persephone's ghost (journeyman TrBe)
 26316 | Orc:2    | Found a staircase to the Elven Halls.
 26511 | Orc:2    | Noticed Urug
 26517 | Orc:2    | Killed Urug
 26563 | Orc:2    | Noticed Azrael
 26712 | Orc:2    | HP: 49/104 [Azrael/damnation (29)]
 26715 | Orc:2    | Killed Azrael
 26717 | Orc:2    | HP: 40/104 [hell hound[Azrael] (2)]
 27104 | Orc:1    | Found Holul's General Store.
 27320 | Orc:2    | HP: 43/102 [orc high priest/divine providence (16)]
 27335 | Orc:2    | HP: 22/102 [orc high priest/divine providence (9)]
 27636 | Orc:2    | Reached skill level 14 in Fighting
 28061 | Orc:2    | HP: 47/105 [orc priest/divine providence (7)]
 28494 | Orc:2    | Found Afoopeig's General Store.
 28494 | Orc:2    | Found Daulu's General Store.
 28495 | Orc:2    | Found Udwas's Weapon Shop.
 28499 | Orc:2    | Found Udaeliewn's Antique Armour Boutique.
 28502 | Orc:2    | Bought a potion of heal wounds for 60 gold pieces
 28503 | Orc:2    | Bought the +0 mask of the Dragon {Will+ Slay+3 SInv} for
                  | 835 gold pieces
 28503 | Orc:2    | Found the +0 mask of the Dragon {Will+ Slay+3 SInv}
 28505 | Orc:2    | Bought 2 potions of haste for 260 gold pieces
 28718 | D:6      | Bought a scroll of teleportation for 33 gold pieces
 28718 | D:6      | Bought a scroll of acquirement for 572 gold pieces
 28718 | D:6      | Bought a scroll of enchant weapon for 82 gold pieces
 28884 | Snake:1  | Entered Level 1 of the Snake Pit
 28944 | Snake:1  | Found Adoopudu's Overcharged Wands.
 29037 | Snake:1  | Reached XP level 16. HP: 80/110 MP: 0/0
 29042 | Snake:1  | Reached skill level 9 in Invocations
 30561 | Snake:1  | Found Zaezumeo's Jewellery Shoppe.
 31199 | Snake:2  | Found Ewkaush's Armour Boutique.
 31206 | Snake:2  | Found Xogisk's Distillery.
 31212 | Snake:2  | Bought a potion of heal wounds for 85 gold pieces
 31212 | Snake:2  | Bought a potion of cancellation for 136 gold pieces
 31293 | Snake:2  | Reached skill level 10 in Invocations
 31297 | Snake:2  | HP: 49/111 [naga sharpshooter/arrow (24)]
 31307 | Snake:2  | HP: 38/111 [naga sharpshooter/arrow (12)]
 31324 | Snake:2  | HP: 25/111 [salamander/arrow (12)]
 31597 | Snake:2  | HP: 53/111 [naga sharpshooter/arrow (9)]
 32092 | Snake:2  | Noticed Saint Roka
 32093 | Snake:2  | Reached skill level 15 in Fighting
 32093 | Snake:2  | HP: 44/113 [Saint Roka/divine providence (12)]
 32584 | Snake:2  | HP: 50/113 [Saint Roka/divine providence (16)]
 32622 | Snake:2  | Killed Saint Roka
 32622 | Snake:2  | HP: 44/113 [spore (4)]
 32623 | Snake:2  | Reached skill level 13 in Spellcasting
 33062 | Snake:2  | HP: 55/113 [naga sharpshooter/arrow (2)]
 33155 | Snake:2  | HP: 47/113 [naga sharpshooter/arrow (18)]
 33540 | Snake:2  | Noticed Roxanne
 33673 | Snake:2  | HP: 55/113 [shock serpent/bolt of electricity (5)]
 34837 | Snake:3  | Reached XP level 17. HP: 114/117 MP: 0/0
 34837 | Snake:3  | Learned a level 6 spell: Dispersal
 34886 | Snake:3  | Identified the +9 long sword "Qator" {vorpal, Int+3}
 34935 | Snake:3  | Reached skill level 11 in Invocations
 36865 | Snake:4  | Entered Level 4 of the Snake Pit
 37439 | Snake:4  | Identified the +7 leather armour of Makhleb's Hope {+Inv
                  | rPois Dex-3 Slay+5}
 37527 | Snake:4  | Found Osmongeg's Antique Armour Emporium.
 37611 | Snake:4  | Reached skill level 16 in Fighting
 37667 | Snake:4  | Bought a crude cloak for 351 gold pieces
 37667 | Snake:4  | Identified the +2 cloak of the Undertaker {Fly rC+ Dex+2
                  | Stlth+} (You bought it in a shop on level 4 of the Snake
                  | Pit)
 38121 | Snake:4  | Reached skill level 12 in Invocations
 38282 | Snake:4  | Found an iron altar of Okawaru.
 38606 | Snake:4  | Identified the +6 falchion "Noqettue" {vorpal, Int+4}
 38902 | Snake:4  | HP: 58/120 [spore (5)]
 38903 | Snake:4  | Reached skill level 14 in Spellcasting
 39375 | Snake:4  | HP: 56/121 [spore (9)]
 39654 | Snake:4  | Reached XP level 18. HP: 95/126 MP: 0/0
 40072 | Snake:4  | Reached skill level 17 in Fighting
 40445 | Snake:4  | Got a serpentine rune of Zot
 40680 | Swamp:1  | Entered Level 1 of the Swamp
 40775 | Swamp:1  | HP: 48/128 [tyrant leech (18)]
 40789 | Lair:3   | HP: 42/128 [vampire mosquito (10)]
 42963 | Swamp:2  | Reached skill level 15 in Spellcasting
 43018 | Swamp:2  | Reached skill level 18 in Fighting
 43256 | Swamp:2  | Identified the +1 leather armour of Terror {Str+3}
 44276 | Swamp:3  | Found a glowing golden altar of the Shining One.
 44510 | Swamp:3  | HP: 63/130 [spore (7)]
 44593 | Swamp:3  | Reached XP level 19. HP: 79/135 MP: 0/0
 44593 | Swamp:3  | Learned a level 7 spell: Haunt
 44961 | Swamp:4  | Entered Level 4 of the Swamp
 45275 | Swamp:4  | Noticed Mara
 45286 | Swamp:4  | HP: 68/136 [spore (7)]
 45547 | Swamp:4  | Killed Mara
 46231 | Swamp:4  | Reached skill level 19 in Fighting
 46351 | Swamp:4  | Noticed the 27-headed Lernaean hydra
 46361 | Swamp:4  | Killed the 27-headed Lernaean hydra
 46369 | Swamp:4  | HP: 66/137 [spore (5)]
 46826 | Swamp:4  | Reached skill level 16 in Spellcasting
 46901 | Swamp:4  | Got a decaying rune of Zot
 47426 | Elf:1    | Entered Level 1 of the Elven Halls
 47640 | Elf:1    | Paralysed by an air elemental for 1 turns
 47651 | Elf:1    | HP: 68/138 [deep elf zephyrmancer/bolt of lightning (7)]
 47656 | Elf:1    | HP: 55/138 [burnt (1)]
 48364 | Elf:1    | Noticed an Ice Fiend
 48367 | Elf:1    | HP: 65/138 [???[a deep elf demonologist] (62)]
 48400 | Elf:1    | HP: 59/139 [deep elf pyromancer/bolt of fire (7)]
 49448 | Elf:2    | Found Keqylize's Gadget Gallery.
 49473 | Elf:2    | Identified the +1 sling of Furid {vorpal, +Blink rF- Dex+8}
 49547 | Elf:2    | Reached XP level 20. HP: 114/145 MP: 0/0
 49644 | Elf:2    | Found a runed translucent gate.
 49645 | Elf:2    | Found a runed translucent gate.
 49645 | Elf:2    | Found a runed translucent gate.
 49765 | Elf:2    | Identified the +1 plate armour "Ivopok" {rN+}
 50146 | Elf:2    | Noticed Aizul
 50154 | Elf:2    | Killed Aizul
 50236 | Elf:2    | Reached skill level 20 in Fighting
 50632 | Elf:2    | HP: 70/145 [spore (6)]
 51186 | Elf:2    | Reached skill level 17 in Spellcasting
 51618 | Elf:3    | Entered Level 3 of the Elven Halls
 51643 | Elf:3    | CougarLife: executioner monkaS
 51691 | Elf:3    | HP: 71/145 [deep elf blademaster/+0 rapier (7)]
 51698 | Elf:3    | CougarLife: how did your uska run go
 51699 | Elf:3    | HP: 62/145 [deep elf archer/arrow (8)]
 51965 | Elf:3    | Found a flickering gateway to a bazaar.
 51980 | Bazaar   | Entered a bazaar
 51980 | Bazaar   | Found Onoek's Weapon Boutique.
 51980 | Bazaar   | Found Uxaeczif's Book Boutique.
 52008 | Bazaar   | Found Ciumao's Book Shop.
 52057 | Bazaar   | Found Dytryha's Assorted Antiques.
 52065 | Bazaar   | Bought a scroll of teleportation for 69 gold pieces
 52082 | Elf:3    | sleeves: it was good
 52082 | Elf:3    | sleeves: just got 3 runes and got out
 52082 | Elf:3    | sleeves: vs cast stabber is really strong also i guess
 52252 | Elf:3    | HP: 71/145 [deep elf archer/arrow (19)]
 52605 | Elf:3    | Paralysed by an air elemental for 1 turns
 52693 | Elf:3    | Identified the +2 glaive of the Mosquito {vorpal, +Blink
                  | rElec}
 52832 | Elf:3    | Paralysed by an air elemental for 1 turns
 53250 | Elf:3    | HP: 68/145 [deep elf knight/arrow (12)]
 53614 | Elf:3    | Reached skill level 18 in Spellcasting
 53813 | Elf:3    | Found Lollam's Jewellery Shop.
 53816 | Elf:3    | Found Wagoh's Book Emporium.
 53817 | Elf:3    | Found Zolitit's Jewellery Shop.
 53961 | Elf:3    | Bought the ring "Yheyb" {rC+ AC+4 Slay+2} for 642 gold
                  | pieces
 53964 | Elf:3    | sleeves: i have +15 slay
 53964 | Elf:3    | sleeves: lol
 54054 | Elf:3    | Noticed an Ice Fiend
 54310 | Elf:3    | Noticed a Tzitzimitl
 54315 | Elf:3    | Reached XP level 21. HP: 68/132 MP: 0/0
 54315 | Elf:3    | Learned a level 8 spell: Disjunction
 54430 | Elf:3    | Identified the +7 great sword of Dishonour {vorpal, rElec
                  | rPois rF-}
 54527 | Elf:3    | CougarLife: wtf
 54527 | Elf:3    | CougarLife: +15 slay?
 54531 | Elf:3    | CougarLife: and youre using magic
 54539 | Elf:3    | sleeves: i dont have armor to tank up
 54691 | Elf:3    | Identified the +11 sling of the Jumping Gods {freeze, rC+
                  | rCorr Dex+4}
 54732 | Elf:3    | Identified the +0 ring mail of Patterns {MP+9 Str+4}
 54776 | Elf:3    | Acquired a manual of Axes
 55033 | D:12     | Reached skill level 1 in Axes
 55472 | D:12     | Reached skill level 2 in Axes
 55885 | D:13     | Found a gate to the Vaults.
 55900 | D:13     | Reached skill level 3 in Axes
 56301 | D:13     | Noticed Kirke
 56308 | D:13     | Killed Kirke
 56510 | D:14     | Reached skill level 11 in Armour
 56554 | D:14     | Reached skill level 4 in Axes
 56796 | D:14     | Found Katseaz's Neck Hole.
 57234 | D:15     | Entered Level 15 of the Dungeon
 57234 | D:15     | Noticed Rupert
 57418 | D:15     | Reached skill level 5 in Axes
 57419 | D:15     | Killed Rupert
 57655 | D:15     | Noticed Louise
 57671 | D:15     | Killed Louise
 57895 | D:15     | Reached skill level 6 in Axes
 57917 | D:15     | Found a staircase to the Depths.
 58181 | Vaults:1 | Entered Level 1 of the Vaults
 58205 | Vaults:1 | CougarLife: this is lookin spooky
 58208 | Vaults:1 | HP: 62/151 [vault guard/+0 great sword[a vault warden]
                  | (13)]
 58708 | Vaults:1 | HP: 73/151 [yaktaur/bolt[a yaktaur captain] (14)]
 59129 | Vaults:1 | Found Jupig's Weapon Shoppe.
 59132 | Vaults:1 | Reached skill level 7 in Axes
 59132 | Vaults:1 | Reached skill level 12 in Armour
 59141 | Vaults:1 | Reached XP level 22. HP: 121/157 MP: 0/0
 59147 | Vaults:1 | Reached skill level 19 in Spellcasting
 59148 | Vaults:1 | HP: 62/157 [yaktaur captain/bolt (31)]
 59451 | Vaults:1 | Reached skill level 8 in Axes
 60350 | Vaults:2 | Reached skill level 9 in Axes
 61150 | Vaults:2 | Reached skill level 13 in Armour
 61477 | Vaults:3 | HP: 78/157 [deep troll[an ironbound preserver] (4)]
 61530 | Vaults:3 | Reached skill level 10 in Axes
 61868 | Vaults:3 | HP: 61/157 [dire elephant (25)]
 62030 | Vaults:3 | HP: 69/157 [ironbound thunderhulk/bolt of lightning (13)]
 62193 | Vaults:3 | Found a staircase to the Crypt.
 62258 | Vaults:3 | Reached skill level 11 in Axes
 62465 | Vaults:3 | Reached XP level 23. HP: 162/162 MP: 0/0
 62465 | Vaults:3 | Learned a level 8 spell: Summon Horrible Things
 62865 | Vaults:3 | Reached skill level 14 in Armour
 63583 | Vaults:4 | Reached skill level 12 in Axes
 63971 | Vaults:4 | Found a runed translucent gate.
 63971 | Vaults:4 | Found a runed translucent gate.
 63971 | Vaults:4 | Found a runed translucent gate.
 63971 | Vaults:4 | Noticed Wueresid's ghost (adept DEHW)
 64489 | D:11     | Bought a jewelled scale mail for 279 gold pieces
 64489 | D:11     | Identified the +2 scale mail "Ilom" {*Corrode rElec rC+++
                  | Stlth+} (You bought it in a shop on level 11 of the
                  | Dungeon)
 64651 | Depths:1 | Entered Level 1 of the Depths
 64794 | Depths:1 | Found a magical portal.
 64843 | WizLab   | Entered The Hall of the Hellbinder
 64921 | WizLab   | HP: 79/162 [hellion/damnation (22)]
 64927 | WizLab   | HP: 29/162 [smoke demon/divine providence (12)]
 64929 | WizLab   | Reached skill level 20 in Spellcasting
 65180 | WizLab   | Noticed Ipty
 65189 | WizLab   | Killed Ipty the Hellbinder
 65298 | WizLab   | Identified the amulet "Keshiem" {Spirit rElec Regen+ Str-3}
 65307 | WizLab   | Found a burning altar of Makhleb.
 65400 | Depths:1 | Reached skill level 15 in Armour
 65431 | Depths:1 | Found a one-way gateway to a ziggurat.
 65531 | Depths:1 | HP: 69/149 [eidolon/bolt of negative energy (28)]
 65717 | Depths:1 | Found a one-way gate to the infinite horrors of the Abyss.
 65823 | Depths:1 | HP: 72/161 [white very ugly thing (24)]
 65841 | Depths:1 | Reached XP level 24. HP: 79/168 MP: 0/0
 65956 | Depths:1 | You are sucked into a shaft and drop 1 floor!
 66091 | Depths:1 | Reached skill level 13 in Axes
 66112 | Depths:1 | Reached skill level 13 in Invocations
 66234 | Depths:1 | Noticed Jory
 66244 | Depths:1 | Killed Jory
 66444 | Depths:1 | Identified the amulet "Kuush" {Spirit Rampage}
 66834 | Depths:1 | Identified the +2 great sword "Wacam" {vorpal, Str+4}
 66996 | Depths:2 | HP: 73/168 [living spell/divine providence[a walking divine
                  | tome] (14)]
 67256 | Depths:2 | HP: 74/168 [tengu reaver/bolt of cold (28)]
 67257 | Depths:2 | Noticed a juggernaut
 67261 | Depths:2 | HP: 75/168 [tengu reaver/bolt of cold (5)]
 67303 | Depths:2 | Killed a juggernaut
 67375 | Depths:2 | Noticed a caustic shrike
 67384 | Depths:2 | Killed a caustic shrike
 67676 | Depths:2 | Reached skill level 14 in Invocations
 67835 | Depths:2 | Found a one-way gate leading to the halls of Pandemonium.
 68338 | Depths:3 | Found Enieg's Magic Scroll Boutique.
 68436 | Depths:3 | Noticed Mennas
 68437 | Depths:3 | Noticed Xtahua
 68449 | Depths:3 | Noticed Vv
 68452 | Depths:3 | Killed Xtahua
 68473 | Depths:2 | HP: 116/252 [Mennas/+3 eudemon blade of holy wrath (16)]
 68481 | Depths:2 | HP: 84/168 [Mennas/+3 eudemon blade of holy wrath (17)]
 68481 | Depths:2 | HP: 40/168 [Mennas/+3 eudemon blade of holy wrath (7)]
 68483 | Depths:2 | HP: 5/168 [Mennas/+3 eudemon blade of holy wrath (32)]
 68483 | Depths:2 | Mangled by Mennas

Illustrated notes

Levels and vault maps discovered:
D:1:      scummos_arrival_checkerplants, layout_loops_corners,
          minmay_statues_item, minivault_4
D:2:      layout_loops_corners, basic_altar,
          hellmonk_ecumenical_altar_pennies_from_heaven, chequers_mini_garden,
          grunt_ministairs_4, uniq_crazy_yiuf_cottage, uniq_terence
D:3:      layout_basic, mainiacjoe_overflow_24_doors,
          grunt_temple_overflow_open, serial_shops,
          nicolae_shop_bloodbath_and_beyond, gammafunk_ghost_smash,
          kennysheep_big_empty_room, chequers_serial_rivers_small_b, hex_large,
          uniq_natasha
D:4:      layout_loops_ring, cheibrodos_ashenzari_chains,
          minmay_temple_entry_mini_moons, uniq_blork_the_orc
D:5:      layout_rooms, lightli_sewer_entry_pipes, serial_shops,
          nicolae_shop_hallway_stairs, shop_fountains, uniq_ijyb, uniq_sigmund,
          uniq_eustachio, uniq_menkaure
D:6:      layout_basic, zin_angel, serial_shops, nicolae_shop_crystal,
          kennysheep_generic_room_8
D:7:      kennysheep_housing_project, layout_basic,
          nicolae_overflow_crystal_walls, uniq_duvessa, uniq_pikel
D:8:      layout_rooms, nicolae_overflow_squiral, erik_lair_island
D:9:      layout_stronghold, nzn_overflow_gifts_of_might_and_magic, orc_0_dummy,
          enter_bailey_2, ebering_ghost_reflecting_pool, kennysheep_kite_vault,
          uniq_erolcha
D:10:     layout_irregular_city, minmay_guarded_unrand_finisher
D:11:     layout_gridville, serial_shops, nicolae_shop_hallway_plus,
          lemuel_old_faithful, uniq_nergalle, uniq_harold
D:12:     layout_basic
D:13:     layout_roguey [special_room_orc], erik_vaults_2,
          serial_bayou_crossing, uniq_kirke
D:14:     layout_basic, kennysheep_flooded_box,
          nicolae_shop_sticking_my_neck_out
D:15:     hangedman_depths_entry_civil_slaughter, layout_irregular_city,
          serial_bayou_shore_b, kb_tengu_band, uniq_louise, uniq_rupert
Lair:1:   layout_misc_corridors, portal_ice_cave_entry_ice_simulacra
Lair:2:   layout_gridlike, grunt_megastairs_5, lemuel_fruit_tree, uniq_erica
Lair:3:   layout_chaotic_city, swamp_mist, uniq_amaemon, uniq_nessos
Lair:4:   layout_cave_pods, slime_entry_1, nicolae_lair_grove_arrangements,
          dreamdust_gnoll_shepherd, serial_bayou_shore_b
Lair:5:   evil_forest, layout_regular_city, roderic_batcave
Swamp:1:  layout_falls_marsh, serial_swamp_ruin, evilmike_swamp_ruin_house_2,
          evilmike_swamp_ruin_house_5, evilmike_swamp_ruin_house_6, swamp_pool5,
          nicolae_swamp_catching_bugs
Swamp:2:  layout_basic_swamp, infiniplex_staircase_pool, swamp_pool3
Swamp:3:  layout_falls_marsh, basic_altar, swamp_pool4
Swamp:4:  grunt_swamp_rune_castle, layout_basic_swamp, swamp_pool3,
          nicolae_swamp_feature_on_the_river_bank, uniq_mara
Snake:1:  layout_chambers, serial_shops, shop, nicolae_shop_overcharged_wands
Snake:2:  layout_chambers, grunt_megastairs_2, minmay_shoptagon,
          serial_bayou_shore_b, uniq_roxanne, uniq_saint_roka
Snake:3:  layout_basic, nicolae_integral_box
Snake:4:  snake_pit_salamanders_mu, layout_grid_shapes, serial_shops,
          shop_statue, basic_altar, st_stairs_12
Orc:1:    layout_diamond_mine, gammafunk_ghost_grave, serial_shops, shop,
          nicolae_orc_tapped_out
Orc:2:    st_orc_mages, layout_diamond_mine, uniq_urug, uniq_azrael
Elf:1:    layout_gridlike, minivault_28, eino_tiny_chamber
Elf:2:    nicolae_elf_blades_crystal_corner, layout_gridlike,
          nicolae_shop_gadgets, uniq_aizul
Elf:3:    minmay_elf_hall_x, layout_loops_cross, serial_shops, bzr_entry_gold,
          minmay_shop_grove
Vaults:1: ontoclasm_vaults_hangar, vaults_dpeg_doors,
          nicolae_vaults_mini_display_case, nicolae_vaults_bisected_slash,
          nicolae_vaults_quartermaster, ontoclasm_vaults_decontamination,
          nicolae_vaults_puzzle_piece, v_pattern_2,
          nicolae_vaults_little_squares_3, dpeg_vaults_monster_box,
          nicolae_vaults_little_squares_4, layout_vaults_omnicross
Vaults:2: grunt_vaults_funnel, ontoclasm_vaults_shout, vaults_room_grid,
          ontoclasm_vaults_hangar, vaults_dpeg_diagonal,
          grunt_vaults_hallway_long, layout_vaults_omnigrid
Vaults:3: minmay_crypt_entry_simple_plaza, ontoclasm_vaults_pinch,
          hangedman_vaults_unwind, vaults_mumra_minichess,
          ontoclasm_vaults_ring_small, v_misc_13,
          nicolae_vaults_ring_of_whatevers, hangedman_vaults_slice,
          nicolae_vaults_border_crossing, v_alt_pattern_2,
          nicolae_vaults_little_ls, hangedman_vaults_stitches,
          grunt_vaults_hallway_short, dpeg_vaults_pockets_of_resistance,
          layout_vaults_omnibox
Vaults:4: gammafunk_ghost_split, vaults_room_corners, v_misc_25, v_misc_13,
          hangedman_vaults_snaps, hangedman_vaults_pinch,
          hangedman_vaults_slice, nicolae_vaults_windows_and_doors_thing,
          v_misc_28, vaults_room_stairs_pillars, v_misc_25,
          grunt_vaults_diagonal, nicolae_vaults_diagonal_hallway_9,
          nicolae_vaults_diagonal_hallway_9, layout_vaults_maze_bifur
Depths:1: due_jory_tower, layout_gridlike, enter_ziggurat_c, abyss_entry,
          hell_entry, mu_enter_wizlab_1, nicolae_sif_muna_condensation,
          serial_bayou_shore_b
Depths:2: minmay_bad_star, layout_basic, serial_aquarium,
          aquarium_bridge_long_joined [aquarium_subvault_wall,
          aquarium_subvault_wall, aquarium_subvault_balcony,
          aquarium_subvault_wall, aquarium_subvault_wall,
          aquarium_subvault_bridge], aquarium_window_corner,
          aquarium_window_corridor_1, aquarium_window_fake, aquarium_view_2d,
          pan_entry, kennysheep_doodads, hangedman_coc_ice_floe,
          serial_sigils_hangedman_scar, firewood_loft
Depths:3: minmay_the_grid_triangle_9x9_rhombus_full
          [minmay_the_grid_triangle_9x9_skeleton,
          minmay_the_grid_triangle_9x9_stretched_checkered,
          minmay_the_grid_triangle_9x9_limited_checkers,
          minmay_the_grid_triangle_9x9_sprig,
          minmay_the_grid_triangle_9x9_negative_grid,
          minmay_the_grid_triangle_9x9_odd_lines,
          minmay_the_grid_triangle_9x9_semitri,
          minmay_the_grid_triangle_9x9_prize_schism], layout_basic,
          grunt_metal_band, rand_demon_pan_entry_4, grunt_decor_one_mirror,
          nicolae_trove_entry_path_of_doom, marbit_kobold_abyss_entry,
          serial_shops, nicolae_stop_n_shop_2, infiniplex_staircase_zigzag_4,
          uniq_mennas, uniq_vv, uniq_xtahua

Skill      XL: |  1  2  3  4  5  6  7  8  9 10 11 12 13 14 15 16 17 18 19 20 21 22 23 24 |
---------------+-------------------------------------------------------------------------+-----
Spellcasting   | 4 5 6 7 8 9 10 11 12 13 14 15 16 18 19 20 | 20.6
Fighting       | 2 4 6 8 9 10 11 12 13 14 15 16 18 19 20 | 20.0
Armour         | 3 6 8 10 12 13 15 | 15.0
Dodging        | 4 7 8 9 10 | 10.0
Shields        | 5 6 8 |  8.5
Invocations    | 4 6 8 10 12 14 | 14.2
Axes           | 7 11 12 13 | 13.9
Stealth        | |  1.5

Action                   |  1- 3 |  4- 6 |  7- 9 | 10-12 | 13-15 | 16-18 | 19-21 | 22-24 || total
-------------------------+-------+-------+-------+-------+-------+-------+-------+-------++-------
Melee: Unarmed           |     1 |       |       |       |       |       |       |       ||     1
       Dagger            |     4 |     2 |       |       |       |       |       |       ||     6
       Short sword       |       |    18 |    76 |       |       |       |       |       ||    94
       Punch             |       |       |     2 |       |       |       |       |       ||     2
       Whip              |       |       |       |    13 |    14 |       |       |       ||    27
       Trident           |       |       |       |    34 |     6 |       |       |       ||    40
       Staff             |       |       |       |       |    48 |    33 |   127 |   119 ||   327
       Scimitar          |       |       |       |       |     3 |       |       |       ||     3
       Long sword        |       |       |       |       |       |     2 |       |       ||     2
       Broad axe         |       |       |       |       |       |       |     3 |   126 ||   129
 Cast: Freeze            |    51 |    42 |    25 |     8 |    29 |    45 |       |       ||   200
       Frozen Ramparts   |       |     4 |    27 |    25 |    34 |     5 |     1 |       ||    96
       Sting             |       |    29 |    33 |     7 |     2 |       |       |       ||    71
       Call Imp          |       |     2 |     5 |       |       |       |       |       ||     7
       Hailstorm         |       |     2 |    22 |    60 |   239 |   279 |   105 |       ||   707
       Ozocubu's Armour  |       |     1 |    19 |    21 |    41 |    18 |    18 |     1 ||   119
       Teleport Other    |       |       |     4 |     6 |     3 |     3 |     1 |       ||    17
       Confusing Touch   |       |       |     1 |       |       |       |     2 |       ||     3
       Iskenderun's Batt |       |       |       |     4 |    21 |     1 |       |       ||    26
       Manifold Assault  |       |       |       |       |     3 |       |       |       ||     3
       Conjure Ball Ligh |       |       |       |       |       |    64 |    26 |       ||    90
       Haunt             |       |       |       |       |       |       |   178 |   215 ||   393
       Dispersal         |       |       |       |       |       |       |     2 |     2 ||     4
       Summon Horrible T |       |       |       |       |       |       |       |    62 ||    62
Invok: Recall Ancestor   |       |       |     1 |     3 |     7 |    10 |     4 |     6 ||    31
       Ancestor Identity |       |       |     1 |       |       |       |       |       ||     1
       Ancestor Life: Ba |       |       |     1 |       |       |       |       |       ||     1
       Idealise          |       |       |       |       |     1 |     2 |     2 |     3 ||     8
Evoke: Wand              |       |       |     5 |     2 |     9 |       |     1 |       ||    17
       Phantom mirror    |       |       |       |       |       |       |       |     1 ||     1
  Use: Scroll            |       |       |     4 |     3 |    12 |     8 |    11 |     5 ||    43
       Potion            |       |       |       |     4 |     2 |     1 |     1 |     6 ||    14
 Stab: Sleeping          |     2 |     4 |     3 |       |       |       |     2 |     2 ||    13
       Paralysed         |       |       |     4 |       |       |       |       |       ||     4
       Distracted        |       |       |     1 |     2 |     1 |       |     5 |     3 ||    12
Armor: Robe              |    16 |     2 |    25 |       |       |       |       |       ||    43
       Leather armour    |       |       |    22 |     4 |       |    25 |    74 |   145 ||   270
       Ring mail         |       |       |       |    30 |    56 |    26 |       |       ||   112
Dodge: Dodged            |    27 |    26 |    83 |    56 |   114 |   164 |   186 |   205 ||   861
Block: Buckler           |       |       |       |    16 |    41 |    67 |    85 |    85 ||   294
